 Dungeon Crawl Stone Soup version 0.32-a0-306-gfed3edf (webtiles) character file.

Game seed: 6161841744547060778

2968381 jagoly the Vampiric Child (level 27, 195/195 HPs)
             Began as a Vampire Brigand on Feb 13, 2024.
             Was a Follower of Hepliaklqana.
             Escaped with the Orb
             ... and 5 runes on Feb 14, 2024!
             The game lasted 09:10:11 (76879 turns).

jagoly the Vampiric Child (Vampire Brigand)        Turns: 76879, Time: 09:10:11

Health: 195/195    AC: 35    Str: 14    XL:     27
Magic:  26/37      EV: 24    Int: 17    God:    Hepliaklqana [*.....]
Gold:   4560       SH: 22    Dex: 29    Spells: 4/38 levels left

rFire   + + .        a - +9 quick blade (vamp)
rCold   + . .        t - +5 kite shield {reflect}
rNeg    + . .        f - +8 scale mail of the Griffon {rF+ Regen+}
rPois   .            I - +0 helmet of Luitac {Slay+3}
rElec   +            x - +1 cloak of the Frog {rCorr Slay+2}
rCorr   +            Q - +2 pair of gloves "Eboxeisown" {*Corrode rElec Will+}
SInv    +            z - +2 pair of boots
Will    +++..        A - amulet of the acrobat
Stlth   ++           K - ring "Plog" {rC++ rN+ AC+4 Str+3}
HPRegen 1.52/turn    W - ring "Busho" {Fire rElec Dex+2 Slay+2}
MPRegen 0.25/turn

%: corrode self (3%), reflection, acrobat
@: slightly contaminated, healing quickly, studying Shapeshifting
A: reduced essence, alive, fangs 3, see invisible, vampiric 2, iridescent scales
1, agile 1, inability to drink after injury 1, MP-powered wands
0: Orb of Zot
}: 5/15 runes: decaying, slimy, silver, abyssal, gossamer
a: Exsanguinate, Renounce Religion, Recall Ancestor, Ancestor Identity


You escaped.
You worshipped Hepliaklqana.
Hepliaklqana was aware of your devotion.
You visited 12 branches of the dungeon, and saw 56 of its levels.
You visited the Abyss 1 time.
You visited 1 bazaar.
You visited 1 ziggurat, and saw 6 of its levels.
You also visited: Trove, Gauntlet, Ice Cave, Volcano and Wizlab.

You collected 9075 gold pieces.
You spent 4515 gold pieces at shops.

Inventory:

Hand Weapons
 a - a +9 vampiric quick blade (weapon)
 b - the +9 dagger of Innocence {heavy, rPois Int+5}
   (You found it on level 6 of a ziggurat)

   Int+5:     It affects your intelligence (+5).
   rPois:     It protects you from poison
Missiles
 e - 12 curare-tipped darts
 h - 2 throwing nets
 k - 11 darts of dispersal
 n - 30 boomerangs (quivered)
 w - 15 silver javelins
Armour
 f - the +8 scale mail of the Griffon (worn) {rF+ Regen+}
   (You found it on level 4 of a ziggurat)

   rF+:       It protects you from fire.
   Regen+:    It increases your rate of health regeneration.
 t - a +5 kite shield of reflection (worn)
 x - the +1 cloak of the Frog (worn) {rCorr Slay+2}
   (You acquired it on level 5 of the Vaults)

   Slay+2:    It affects your accuracy & damage with ranged weapons and melee
   (+2).
   rCorr:     It protects you from acid and corrosion.
 z - a +2 pair of boots (worn)
 I - the +0 helmet of Luitac (worn) {Slay+3}
   (You bought it in a shop on level 3 of the Dungeon)

   Slay+3:    It affects your accuracy & damage with ranged weapons and melee
   (+3).
 Q - the +2 pair of gloves "Eboxeisown" (worn) {*Corrode rElec Will+}
   (You found it on level 2 of the Spider Nest)

   rElec:     It insulates you from electricity.
   Will+:     It increases your willpower.
   *Corrode:  It may corrode you when you take damage.
 V - the +6 scale mail of Indemnity {^Drain +Inv rN+ Will+ Str+4}
   (You bought it in a shop on level 2 of the Orcish Mines)

   Str+4:     It affects your strength (+4).
   rN+:       It protects you from negative energy.
   Will+:     It increases your willpower.
   +Inv:      It lets you turn invisible.
   ^Drain:    It drains your maximum health when unequipped.
Jewellery
 c - a ring of poison resistance
 v - an amulet of faith
 A - an amulet of the acrobat (around neck)
 K - the ring "Plog" (left hand) {rC++ rN+ AC+4 Str+3}
   (You took it off a deep elf demonologist on level 3 of the Elven Halls)

   [ring of protection]

   AC+4:      It affects your AC (+4).
   Str+3:     It affects your strength (+3).
   rC++:      It greatly protects you from cold.
   rN+:       It protects you from negative energy.
 W - the ring "Busho" (right hand) {Fire rElec Dex+2 Slay+2}
   (You found it on level 11 of the Dungeon)

   [ring of fire]

   Fire:      It enhances your fire magic.
   Dex+2:     It affects your dexterity (+2).
   Slay+2:    It affects your accuracy & damage with ranged weapons and melee
   (+2).
   rF+:       It protects you from fire.
   rC-:       It makes you vulnerable to cold.
   rElec:     It insulates you from electricity.
Wands
 D - a wand of digging (11)
 H - a wand of roots (48)
 L - a wand of acid (31)
 M - a wand of paralysis (74)
 R - a wand of mindburst (26)
Scrolls
 d - 9 scrolls of immolation
 g - 25 scrolls of teleportation
 i - 8 scrolls of fear
 j - 13 scrolls of fog
 u - 3 scrolls of butterflies
 B - a scroll of silence
 E - 7 scrolls of poison
 F - 9 scrolls of vulnerability
 J - 7 scrolls of blinking
 X - 5 scrolls of revelation
Potions
 l - 10 potions of heal wounds
 m - 6 potions of berserk rage
 o - 14 potions of curing
 q - 7 potions of might
 r - 4 potions of mutation
 C - 6 potions of magic
 G - 7 potions of enlightenment
 O - 6 potions of resistance
 P - 2 potions of cancellation
 S - a potion of invisibility
 T - 9 potions of ambrosia
 U - 6 potions of brilliance
 Z - a potion of haste
Miscellaneous
 p - a phantom mirror
 s - a phial of floods
 y - a lightning rod (4/4)
 N - a sack of spiders
 Y - a condenser vane


   Skills:
 - Level 18.0 Fighting
 - Level 14.0 Short Blades
 - Level 12.0 Throwing
 - Level 14.0 Armour
 - Level 18.0 Dodging
 + Level 18.3 Stealth
 - Level 16.0 Shields
 - Level 6.0 Spellcasting
 - Level 8.0 Conjurations
 - Level 14.0 Hexes
 - Level 6.0 Fire Magic
 - Level 16.0 Alchemy
 - Level 20.0 Invocations
 - Level 12.0 Evocations


You had 4 spell levels left.
You knew the following spells:

 Your Spells              Type           Power      Damage    Failure   Level
d - Tukima's Dance        Hex            51%        N/A       1%          3
n - Eringya's Noxious Bo  Alch           28%        4d6       13%         6
w - Passwall              Erth           5%         N/A       88%         3
y - Yara's Violent Unrav  Hex/Alch       27%        3d12      3%          5
F - Cause Fear            Hex            25%        N/A       1%          4
P - Ignite Poison         Fire/Alch      59%        N/A       7%          4
R - Olgreb's Toxic Radia  Alch           56%        N/A       1%          4
T - Irradiate             Conj/Alch      22%        3d19      12%         5

Your spell library contained the following spells:

 Spells                   Type           Power      Damage    Failure   Level
 Slow                     Hex            100%       N/A       1%          1
 Sting                    Conj/Alch      100%       1d9       1%          1
 Jinxbite                 Hex            100%       N/A       1%          2
 Confusing Touch          Hex            51%        N/A       1%          3
 Dazzling Flash           Conj/Hex       84%        N/A       1%          3
 Sigil of Binding         Hex            51%        N/A       1%          3
 Magic Dart               Conj           100%       1d8       2%          1
 Mercury Vapours          Alch/Air       64%        N/A       3%          2
 Searing Ray              Conj           64%        2d6       3%          2
 Fulminant Prism          Conj/Alch      22%        3d12      4%          4
 Ensorcelled Hibernation  Hex/Ice        56%        N/A       5%          2
 Mephitic Cloud           Conj/Alch/Air  32%        N/A       7%          3
 Scorch                   Fire           76%        2d8       8%          2
 Cigotuvi's Dreadful Rot  Necr/Alch/Air  46%        N/A       11%         2
 Kiss of Death            Conj/Necr      72%        2d10      12%         1
 Shock                    Conj/Air       72%        1d7       12%         1
 Momentum Strike          Conj/Tloc      36%        3d9       19%         2
 Static Discharge         Conj/Air       36%        3-5/arc   19%         2
 Leda's Liquefaction      Alch/Erth      16%        N/A       22%         4
 Petrify                  Alch/Erth      32%        N/A       22%         4
 Hailstorm                Conj/Ice       18%        3d7       34%         3
 Stone Arrow              Conj/Erth      36%        3d9       34%         3
 Anguish                  Hex/Necr       14%        N/A       34%         4
 Dimensional Bullseye     Hex/Tloc       14%        N/A       34%         4
 Freeze                   Ice            20%        1d4       52%         1
 Necrotise                Necr           20%        1d5       52%         1
 Sandblast                Erth           10%        2d5       52%         1
 Blink                    Tloc           10%        N/A       67%         2
 Call Imp                 Summ           10%        N/A       67%         2
 Lesser Beckoning         Tloc           10%        N/A       67%         2
 Sublimation of Blood     Necr           5%         N/A       67%         2
 Brom's Barrelling Bould  Conj/Erth      18%        2d4       75%         4
 Call Canine Familiar     Summ           5%         N/A       88%         3
 Frozen Ramparts          Ice            10%        1d2       88%         3
 Fugue of the Fallen      Necr           5%         N/A       88%         3
 Gell's Gravitas          Tloc           5%         N/A       88%         3
 Summon Ice Beast         Ice/Summ       5%         N/A       88%         3
 Swiftness                Air            5%         N/A       88%         3
 Teleport Other           Tloc           5%         N/A       88%         3
 Vampiric Draining        Necr           5%         2d6       88%         3
 Airstrike                Air            2%         2d(1-17)  99%         4
 Animate Armour           Summ/Erth      10%        N/A       99%         4
 Animate Dead             Necr           5%         N/A       99%         4
 Dispel Undead            Necr           5%         3d7       99%         4
 Manifold Assault         Tloc           5%         N/A       99%         4
 Martyr's Knell           Necr/Summ      5%         N/A       99%         4
 Passage of Golubria      Tloc           5%         N/A       99%         4
 Summon Lightning Spire   Summ/Air       5%         N/A       99%         4
 Vhi's Electric Charge    Tloc/Air       10%        N/A       99%         4
 Alistair's Intoxication  Alch           37%        N/A       2%          5
 Fireball                 Conj/Fire      21%        3d10      67%         5
 Metabolic Englaciation   Hex/Ice        14%        N/A       67%         5
 Silence                  Hex/Air        14%        N/A       67%         5
 Summon Mana Viper        Hex/Summ       28%        N/A       67%         5
 Sculpt Simulacrum        Ice/Alch       16%        N/A       98%         6
 Freezing Cloud           Conj/Ice/Air   7%         6-21      99%         5
 Borgnjor's Vile Clutch   Necr/Erth      2%         N/A       100%        5
 Curse of Agony           Necr           5%         N/A       100%        5
 Lee's Rapid Deconstruct  Erth           2%         3d5*      100%        5
 Summon Forest            Summ/Tloc      2%         N/A       100%        5
 Bombard                  Conj/Erth      9%         9d2       100%        6
 Death Channel            Necr           2%         N/A       100%        6
 Dispersal                Tloc           2%         N/A       100%        6
 Haunt                    Necr/Summ      2%         N/A       100%        7
 Malign Gateway           Summ/Tloc      2%         N/A       100%        7
 Monstrous Menagerie      Summ           2%         N/A       100%        7
 Ozocubu's Refrigeration  Ice            2%         4d8       100%        7
 Summon Hydra             Summ           2%         N/A       100%        7
 Disjunction              Tloc           2%         N/A       100%        8
 Infestation              Necr           2%         N/A       100%        8
 Lehudib's Crystal Spear  Conj/Erth      9%         10d4      100%        8
 Summon Horrible Things   Summ           2%         N/A       100%        8
 Chain Lightning          Conj/Air       9%         3d12      100%        9
 Dragon's Call            Summ           2%         N/A       100%        9
 Fire Storm               Conj/Fire      21%        8d6       100%        9
 Shatter                  Erth           2%         3d6*      100%        9


Dungeon Overview and Level Annotations

Branches:
Dungeon (15/15)            Temple (1/1) D:4            Lair (5/5) D:9
  Swamp (4/4) Lair:3       Spider (4/4) Lair:3        Slime (5/5) Lair:5
    Orc (2/2) D:12            Elf (3/3) Orc:2        Vaults (5/5) D:14
  Crypt (3/3) Vaults:2       Tomb (0/3) Crypt:3      Depths (4/4) D:15
    Zot (5/5) Depths:4      IceCv (visited)         Volcano (visited)
 WizLab (visited)         Gauntlet (visited)

Altars:
Ashenzari
Cheibriados
Dithmenos
Fedhas
Gozag
Hepliaklqana
Kikubaaqudgha
Makhleb
Nemelex Xobeh
Okawaru
Qazlal
Ru
Sif Muna
Trog
Uskayaw
Vehumet
Wu Jian
Xom
Yredelemnul
Beogh
Jiyva

Shops:
D:3 [   D:7 *   D:8 [   D:9 (?:   Orc:1 :   Orc:2 [*:*   Vaults:1 !
Vaults:2 (   Vaults:5 ?[!:   Depths:1 =([

Portals:
Hell: Depths:1 Depths:2 Depths:3 Depths:4
Abyss: Depths:3
Pandemonium: Depths:2

Annotations:
Spider:4 Roxanne
Zot:5 1 exclusion


Innate Abilities, Weirdness & Mutations

Your life essence is reduced to manifest your ancestor. (-10% HP)
Your natural rate of healing is accelerated.
You have razor-sharp teeth.
You have supernaturally acute eyesight. (SInv)
You are afflicted with vampirism and can become a bat while bloodless.
You are partially covered in iridescent scales. (AC +2)
You are agile. (Dex +4, Str/Int -1)
You occasionally lose the ability to drink potions when taking damage.
You expend magic power (3 MP) to strengthen your wands.


Message History

The Executioner is heavily wounded.
Dio mumbles some strange words.
The green death appears confused.
The Executioner resists with almost no effort.
The large abomination appears confused.
The Executioner completely misses you. You block the Executioner's attack. x2
You barely miss the Executioner. You bite the Executioner!
You puncture the Executioner!
The Executioner is severely wounded.
You block the Executioner's attack. x2
The Executioner hits you but does no damage.
Dio casts a spell at the Executioner.
The Executioner resists with almost no effort.
You strike the helpless Executioner from behind!
You stick the Executioner like a pincushion!!!!
You kill the Executioner!
Dio casts a spell.
The green death easily resists.
The large abomination appears confused.
The large abomination resists with almost no effort.
You catch the helpless green death completely off-guard!
You spit the green death like a pig!!!
You kill the green death!
Dio gestures at the large abomination while chanting.
The large abomination suddenly stops moving!
The helpless large abomination fails to defend itself.
You skewer the large abomination like a kebab!!!!!
You destroy the large abomination!
You hit the large abomination. You bite the large abomination.
You hit the large abomination but do no damage.
You bite the large abomination.
The large abomination is moderately damaged.
You hit the large abomination but do no damage. x2
The large abomination is moderately damaged.
Dio points at the large abomination and mumbles some strange words.
The large abomination resists with almost no effort.
You block the large abomination's attack. x2
You barely miss the large abomination.
You bite the large abomination, but do no damage.
You puncture the large abomination!
You bite the large abomination, but do no damage.
The large abomination is heavily damaged.
Dio hits the large abomination with a +0 antimagic quick blade!!!
Dio hits the large abomination with a +0 antimagic quick blade!
The large abomination is destroyed!
You hit the large abomination but do no damage.
Your bite misses the large abomination. You puncture the large abomination!
You bite the large abomination.
The large abomination is almost destroyed.
You block the large abomination's attack.
You puncture the large abomination!
You destroy the large abomination!
No target in view!
What level of the Dungeon? (default 1, ? - help) Dio passes through a web.
A seraph comes into view.
It is wielding a +5 great sword of flaming.
You swap places.
Dio casts a spell.
The seraph resists with almost no effort.
Dio gestures wildly while chanting.
The seraph resists with almost no effort.
The seraph gestures.
The seraph begins to accept its allies' injuries.
The seraph hits Dio with a +5 great sword of flaming!
The seraph burns Dio.
The seraph hits Dio with a +5 great sword of flaming!!
The seraph burns Dio.
Dio hits the seraph with a +0 antimagic quick blade!!
The seraph's magic leaks into the air.
Dio hits the seraph with a +0 antimagic quick blade!
The seraph's magic leaks into the air.
Dio barely misses the seraph.
Dio misses the seraph.
The seraph falters for a moment.
What are your orders? t - Shout!
Orders for allies: a - Attack new target. r - Retreat! s - Stop attacking. g - Guard the area. f - Follow me.
Anything else - Cancel.
Follow me!
The seraph falters for a moment.
The seraph falters for a moment.
A cherub comes into view.
It is wielding a +3 long sword of flaming.
The seraph's magic is no longer disrupted.
The cherub unwields a +3 long sword of flaming.
It stops flaming.
The cherub wields a +0 longbow.
The cherub shoots an arrow.
The arrow hits Dio.
The seraph shouts a warning to its allies!
You hear a shout!
A sun demon comes into view.
The seraph gestures.
The seraph begins to accept its allies' injuries.
The cherub sings a powerful hymn!
The seraph goes into a battle-frenzy!
A sun demon comes into view.
The seraph gestures.
What are your orders? t - Shout!
Orders for allies: a - Attack new target. r - Retreat! s - Stop attacking. g - Guard the area. f - Follow me.
Anything else - Cancel.
Okay, then.
Blink to where?
Press: ? - help, Dir - move target
As you read the scroll of blinking, it crumbles to dust.
The angel shouts!
The daeva dissolves into sparkling lights!
The cherub dissolves into sparkling lights!
The angel dissolves into sparkling lights! x2
The seraph shouts a warning to its allies!
The cherub sings a powerful hymn!
The angels go into a battle-frenzy!
The daeva calls down the wrath of the Shining One upon you.
The Shining One smites you!
You hear a shout!
Blink to where?
Press: ? - help, Dir - move target
As you read the scroll of blinking, it crumbles to dust.
The cherub sings a powerful hymn!
The cherub goes into a battle-frenzy!
The seraph gestures.
The seraph begins to accept its allies' injuries.
The cherub unwields a +4 falchion of flaming.
It stops flaming.
The cherub wields a +2 shortbow of electrocution.
You hear the crackle of electricity.
The cherub shoots an arrow.
You block the arrow with your +5 kite shield of reflection... and reflect it back!
The arrow barely misses the cherub.
The daeva is caught in a web!
The seraph hits Dio with a +5 great sword of flaming!!!
The seraph burns Dio.
The seraph hits Dio with a +5 great sword of flaming!
Dio barely misses the daeva. x2
The daeva calls down the wrath of the Shining One upon you.
The Shining One smites you!
The daeva struggles to get unstuck from the web.
You climb upwards.
Welcome back to the Lair of Beasts!
There is a hole to the Spider Nest, spattered with blood here.
Dio is recalled.
What level of the Dungeon? (default 1, ? - help)
Items here: ) [[ ÷.
Magic restored.
HP restored.
There is a stone staircase leading up here.
You climb upwards.
There is a stone staircase leading down here.
There is a stone staircase leading up here.
You climb upwards.
There is a stone staircase leading down here.
An Ice Fiend comes into view.
You puncture the Ice Fiend! You hit the Ice Fiend but do no damage.
You bite the Ice Fiend, but do no damage.
The Ice Fiend is lightly wounded.
You hit the Ice Fiend but do no damage. x2
The Ice Fiend is lightly wounded.
The Ice Fiend calls on the powers of darkness!
Your body is wracked with pain!
You hit the Ice Fiend. Your bite misses the Ice Fiend. You hit the Ice Fiend.
You bite the Ice Fiend, but do no damage.
The Ice Fiend is lightly wounded.
Dio hits the Ice Fiend with a +0 antimagic quick blade!!!
The Ice Fiend's magic leaks into the air.
Dio hits the Ice Fiend with a +0 antimagic quick blade!
The Ice Fiend's magic leaks into the air.
Dio mumbles some strange words.
Dio seems to speed up.
You hit the Ice Fiend. x2
The Ice Fiend is almost dead.
The Ice Fiend claws you but does no damage.
The Ice Fiend closely misses you.
You puncture the Ice Fiend! You barely miss the Ice Fiend.
The Ice Fiend is almost dead.
Dio hits the Ice Fiend but does no damage.
Dio hits the Ice Fiend with a +0 antimagic quick blade.
The Ice Fiend's magic leaks into the air.
Dio hits the Ice Fiend with a +0 antimagic quick blade!!
The Ice Fiend dies!
What level of the Dungeon? (default 1, ? - help)
A Hell Sentinel comes into view.
There is a staircase back to the Dungeon, spattered with blood here.
A Hell Sentinel is nearby!
Dio hits the Hell Sentinel with a +0 antimagic quick blade!!
The Hell Sentinel's magic leaks into the air.
Dio hits the Hell Sentinel with a +0 antimagic quick blade!!
The Hell Sentinel's magic leaks into the air.
Dio hits the Hell Sentinel with a +0 antimagic quick blade!
The Hell Sentinel's magic leaks into the air.
Dio hits the Hell Sentinel with a +0 antimagic quick blade!!
The Hell Sentinel's magic leaks into the air.
Ancestor HP restored.
Dio hits the Hell Sentinel with a +0 antimagic quick blade!
The Hell Sentinel's magic leaks into the air.
Dio hits the Hell Sentinel but does no damage.
The Hell Sentinel hits Dio!! x2
You climb upwards.
Welcome back to the Dungeon!
There is a staircase to the Lair here.
Dio is recalled.
What level of the Dungeon? (default 1, ? - help) Magic restored.
A Tzitzimitl comes into view.
The Tzitzimitl roars!
You hit the Tzitzimitl but do no damage.
You miss the Tzitzimitl.
Dio hits the Tzitzimitl with a +0 antimagic quick blade.
The Tzitzimitl's magic leaks into the air.
Dio hits the Tzitzimitl with a +0 antimagic quick blade!!
The Tzitzimitl's magic leaks into the air.
You hit the Tzitzimitl but do no damage.
You bite the Tzitzimitl, but do no damage.
You miss the Tzitzimitl.
You bite the Tzitzimitl, but do no damage.
The Tzitzimitl is moderately wounded.
Dio closely misses the Tzitzimitl.
Dio hits the Tzitzimitl but does no damage.
The Tzitzimitl falters for a moment.
You barely miss the Tzitzimitl. You miss the Tzitzimitl.
The Tzitzimitl is moderately wounded.
Dio misses the Tzitzimitl.
Dio hits the Tzitzimitl with a +0 antimagic quick blade!!
The Tzitzimitl's magic leaks into the air.
You barely miss the Tzitzimitl. You puncture the Tzitzimitl!
You bite the Tzitzimitl.
The Tzitzimitl is heavily wounded.
Dio hits the Tzitzimitl but does no damage.
Dio hits the Tzitzimitl with a +0 antimagic quick blade!
The Tzitzimitl's magic leaks into the air.
The Tzitzimitl falters for a moment.
You puncture the Tzitzimitl! Your bite misses the Tzitzimitl.
You hit the Tzitzimitl.
The Tzitzimitl is almost dead.
Dio hits the Tzitzimitl with a +0 antimagic quick blade!!
The Tzitzimitl's magic leaks into the air.
Dio hits the Tzitzimitl with a +0 antimagic quick blade.
The Tzitzimitl dies!
What level of the Dungeon? (default 1, ? - help)
There is a stone staircase leading up here.
You climb upwards.
You hear a grinding noise.
There is a stone staircase leading down here.
You swap places.
You hear a grinding noise.
There is a stone staircase leading up here.
You climb upwards.
There is a stone staircase leading down here.
Ancestor HP restored.
HP restored.
There is a stone staircase leading up here.
You climb upwards.
There is a stone staircase leading down here.
There is an open door here.
You see here a +0 spear.
Dio loses the glow of perfection.
There is a stone staircase leading up, spattered with blood here.
You climb upwards.
There is a stone staircase leading down here.
A sun demon comes into view.
The sun demon shouts!
Dio mumbles some strange words.
The sun demon appears confused.
There is a stone staircase leading up here.
You block the sun demon's attack.
You climb upwards.
There is a stone staircase leading down here.
There is an escape hatch in the ceiling here.
A mysterious force pulls you upwards. The hatch slams shut behind you.
What level of the Dungeon? (default 1, ? - help)
There is a stone staircase leading up, spattered with blood here.
You climb upwards.
There is a stone staircase leading down, spattered with blood here.
A demonic crawler comes into view.
There is an escape hatch in the ceiling here.
A mysterious force pulls you upwards. The hatch slams shut behind you.
What level of the Dungeon? (default 1, ? - help)
An Orb Guardian comes into view.
You hit the Orb Guardian. Your bite misses the Orb Guardian.
You hit the Orb Guardian.
The Orb Guardian is lightly wounded.
You hit the Orb Guardian. You puncture the Orb Guardian!
The Orb Guardian is moderately wounded.
You block the Orb Guardian's attack.
You hit the Orb Guardian. x2
The Orb Guardian is moderately wounded.
You block the Orb Guardian's attack.
You hit the Orb Guardian. You puncture the Orb Guardian!
The Orb Guardian is heavily wounded.
You block the Orb Guardian's attack.
You hit the Orb Guardian.
You hit the Orb Guardian but do no damage.
The Orb Guardian is heavily wounded.
You puncture the Orb Guardian!
You hit the Orb Guardian but do no damage.
The Orb Guardian is severely wounded.
You block the Orb Guardian's attack.
You hit the Orb Guardian but do no damage.
You bite the Orb Guardian, but do no damage.
You barely miss the Orb Guardian.
The Orb Guardian is heavily wounded.
You block the Orb Guardian's attack.
You puncture the Orb Guardian! You impale the Orb Guardian!!
You bite the Orb Guardian.
You kill the Orb Guardian!
No target in view!
What level of the Dungeon? (default 1, ? - help)
A balrug and a sun demon come into view.
The balrug is wielding a +1 demon whip of venom. 2 sun demons come into view.
The sun demon shouts!
The balrug gestures at you.
The fireball explodes!
The fireball engulfs you! You resist.
You hear a shout!
A sun demon comes into view.
The sun demon shouts!
The balrug barely misses you. You block the sun demon's attack.
You hit the balrug but do no damage. You closely miss the balrug.
The sun demon hits you but does no damage.
You block the balrug's attack.
Dio is recalled.
The sun demon barely misses you. The balrug misses you.
An angel comes into view.
It is wielding a +1 sacred scourge of holy wrath.
You puncture the balrug! You hit the balrug.
The balrug is lightly wounded.
The sun demon misses you. You block the balrug's attack.
You hit the balrug. You puncture the balrug!
The balrug is moderately wounded.
Dio gestures wildly while chanting.
Dio seems to speed up.
You puncture the balrug! You bite the balrug! You barely miss the balrug.
You bite the balrug.
The balrug is severely wounded.
You block the sun demon's attack. The balrug gestures at you.
The bolt of fire hits you. You resist.
You hit the balrug. You hit the balrug but do no damage.
The balrug is almost dead.
The sun demon hits you.
You are engulfed in flames.
You resist. The balrug hits you but does no damage.
You are poisoned.
You hit the balrug. You puncture the balrug!
You kill the balrug!
You feel sick. The sun demon barely misses you.
You hit the sun demon but do no damage. Your bite misses the sun demon.
You closely miss the sun demon.
You feel sick.
You hit the sun demon but do no damage. You puncture the sun demon!
The sun demon is moderately wounded.
You feel sick. The sun demon hits you.
You are engulfed in flames.
You resist.
The angel hits Dio with a +1 sacred scourge of holy wrath!
The angel hits Dio with a +1 sacred scourge of holy wrath.
You block the sun demon's attack.
You hit the sun demon. x2
The sun demon is moderately wounded.
Dio gestures wildly while chanting.
The angel resists with almost no effort.
The sun demon resists with almost no effort.
The sun demon resists with some effort.
The sun demon resists with almost no effort.
The angel hits Dio with a +1 sacred scourge of holy wrath!!
The angel hits Dio with a +1 sacred scourge of holy wrath!
You block the sun demon's attack. x2
You puncture the sun demon! x2
The sun demon is almost dead.
You feel sick.
Dio completely misses the angel.
Dio hits the angel but does no damage.
The angel hits Dio with a +1 sacred scourge of holy wrath! x2
You block the sun demon's attack.
Dio casts a spell.
The angel resists with almost no effort.
The sun demon resists with almost no effort.
The sun demon appears confused.
The sun demon resists with some effort.
You feel better.
The angel hits Dio with a +1 sacred scourge of holy wrath.
The angel hits Dio but does no damage.
Dio hits the angel with a +0 antimagic quick blade!
The angel's magic leaks into the air.
Dio hits the angel with a +0 antimagic quick blade!
The angel's magic leaks into the air.
You block the sun demon's attack.
The sun demon hits the sun demon!!
The sun demon is engulfed in flames.
The sun demon completely resists.
The sun demon hits itself.
Dio casts a spell at the angel.
The angel resists with almost no effort.
You puncture the sun demon!
You kill the sun demon!
The angel hits Dio with a +1 sacred scourge of holy wrath!!
The angel closely misses Dio.
Your Stealth skill increases to level 18!
You hit the sun demon.
You bite the sun demon, but do no damage.
You hit the sun demon.
The sun demon is moderately wounded.
Dio hits the angel with a +0 antimagic quick blade!
The angel's magic leaks into the air.
Dio hits the angel but does no damage.
The angel hits Dio with a +1 sacred scourge of holy wrath!
Dio is destroyed!
You hit the sun demon but do no damage. You hit the sun demon.
You bite the sun demon, but do no damage.
The sun demon is moderately wounded.
You block the sun demon's attack.
You hit the sun demon. You bite the sun demon. You hit the sun demon.
The sun demon is severely wounded.
You block the angel's attack. x2; You block the sun demon's attack.
The sun demon barely misses the sun demon.
The sun demon hits you but does no damage.
You puncture the sun demon! x2
You kill the sun demon!
The angel hits you but does no damage. x2 4 golden eyes come into view.
You hit the angel but do no damage. You hit the angel.
The angel is moderately wounded.
You block the sun demon's attack. The angel closely misses you.
You block the angel's attack.
You miss the angel. You hit the angel but do no damage.
The angel is moderately wounded.
The angel's magic is no longer disrupted.
You block the sun demon's attack. You block the angel's attack. x2
Cast which spell? (? or * to list)
You erupt in a fountain of uncontrolled magic!
The angel is blasted with magical radiation!!
The angel is heavily wounded.
The angel twists and deforms.
The sun demon is blasted with magical radiation!
The sun demon is heavily wounded.
The sun demon twists and deforms.
The sun demon is blasted with magical radiation!!!
The sun demon is severely wounded.
The sun demon twists and deforms.
You are very lightly contaminated with residual magic.
The sun demon seems less confused.
The golden eye blinks at you. You resist with almost no effort.
The golden eye blinks at you. You resist with almost no effort.
You block the angel's attack. x2
You block the sun demon's attack. The sun demon hits you.
You are engulfed in flames.
You resist. The golden eye blinks at you. You resist with almost no effort.
The golden eye blinks at you. You resist with almost no effort.
The golden eye blinks at you. You resist with almost no effort.
Cast which spell? (? or * to list)
You erupt in a fountain of uncontrolled magic!
The angel is blasted with magical radiation!!
The angel is almost dead.
The sun demon is blasted with magical radiation!!
The sun demon is severely wounded.
The sun demon is blasted with magical radiation!!
You kill the sun demon!
You are lightly contaminated with residual magic.
You block the angel's attack. x2; You block the sun demon's attack.
The golden eye blinks at you. You resist with almost no effort.
The golden eye blinks!
The golden eye blinks at you. You resist with almost no effort.
The golden eye blinks at you. You resist with almost no effort.
The angel gestures.
The angel is healed somewhat.
Cast which spell? (? or * to list)
You erupt in a fountain of uncontrolled magic!
The angel is blasted with magical radiation!!
You kill the angel!
The sun demon is blasted with magical radiation!!
You kill the sun demon!
The golden eye blinks at you. You resist with almost no effort.
The golden eye blinks at you. You resist with almost no effort.
The golden eye blinks at you.
You easily resist.
The golden eye blinks at you. You resist with almost no effort.
The golden eye blinks!
You see here a +1 demon whip of venom.
You closely miss the golden eye. Your bite misses the golden eye.
You closely miss the golden eye. You bite the golden eye.
The golden eye is heavily wounded.
You puncture the golden eye!
You kill the golden eye!
The golden eye blinks at you. You resist with some effort.
The golden eye blinks at you.
You easily resist.
You puncture the golden eye! x2; You feel better.
You kill the golden eye!
The golden eye blinks at you. You resist with almost no effort.
You puncture the golden eye!
You kill the golden eye!
What level of the Dungeon? (default 1, ? - help)
A golden eye comes into view.
No target in view!
No target in view!
Things that are here:
a +0 club; a goblin skeleton A golden eye comes into view.
There is an open door here.
The golden eye blinks at you. You resist with almost no effort.
There is a staircase leading out of the dungeon here.
The golden eye blinks at you. You resist with almost no effort.
The golden eye blinks at you. You resist with almost no effort.
You have escaped!

.........##.##.#.###...###.#.#
.........##.##.#.#.......#.#.####
..#......##.##.#.#.ß)#.ß.#.#.....
..#......##.##.#.....#.....#.####
..#.##+####.##.#....###....#.#
###.##.####.##.####..#.G####.#
............##.#..'.....G..#.#
....##.........#.G###'###..#.#
##..############@.#.....#..#.#
##..### #...# #############.##
......## #...# #...# #..###
....#÷.###...#### #.#.# ##....
....##...'......# #.#.# ##..##
.....).###...##.####.#.# #...#
...#...# #...##...##.#.# #.#.#
...#...# ####......#.#.# #.#.#
...#...# #......#.#.#####.#.#


You could see a golden eye.

Vanquished Creatures
  the Royal Jelly (Slime:5)
  3 dread liches
  2 ancient liches
  3 orbs of fire (Zot:5)
  Mara (Vaults:5)
  A juggernaut (Depths:4)
  Josephina (Crypt:1)
  A pandemonium lord (Zig:1)
  Boris (Crypt:3)
  2 royal mummies (Crypt:3)
  Sojobo (Crypt:1)
  Vv (Crypt:1)
  A Killer Klown (Zot:5)
  Saint Roka (Depths:1)
  2 caustic shrikes (Depths:3)
  4 curse toes
  the Enchantress (Depths:2)
  7 golden dragons
  A bone dragon (Depths:4)
  Arachne (Spider:4)
  2 electric golems (Zot:2)
  2 hellephants (Depths:4)
  15 Orb Guardians
  Asterion (Lair:3)
  2 liches
  Rupert (D:12)
  A walking divine tome (WizLab)
  A walking earthen tome (Depths:4)
  2 deep elf blademasters (Elf:3)
  18 tentacled monstrosities
  A walking crystal tome (Depths:3)
  A walking frostbound tome (WizLab)
  4 quicksilver dragons
  6 titans
  An Executioner (Spider:1)
  2 deep elf master archers (Elf:3)
  4 sphinxes
  12 acid blobs
  11 death cobs
  A tentacled starspawn (Abyss:3)
  6 tengu reavers
  2 thorn hunters
  A strange machine (WizLab)
  9 shadow dragons
  9 storm dragons
  Donald (Crypt:1)
  2 emperor scorpions (Spider:4)
  A fenstrider witch (Swamp:1)
  3 draconian knights
  6 rockslimes (Slime:5)
  2 revenants
  9 azure jellies
  4 frost giants
  9 fire giants
  9 protean progenitors
  3 draconian monks
  2 balrugs
  3 deep elf sorcerers
  3 draconian scorchers
  A cacodemon (Abyss:3)
  A draconian shifter (Zot:5)
  18 vault wardens
  2 deep elf elementalists (Elf:3)
  A juggernaut zombie (Crypt:3)
  3 orc warlords
  3 angels
  2 curse skulls
  9 very ugly things
  12 ghost moths
  3 ghouls (Crypt:3)
  3 spriggan defenders
  3 draconian stormcallers
  11 quicksilver oozes
  A juggernaut skeleton (Crypt:1)
  23 ironbound preservers
  2 draconian annihilators
  A broodmother (Spider:3)
  14 vampire knights
  7 formless jellyfish
  17 stone giants
  6 yellow draconians
  The ghost of Disoufrejy the Cleaver, a journeyman MiFi of Cheibriados (Lair:4)
  6 green draconians
  5 black draconians
  2 eleionomae (Swamp:2)
  An ophan (Zig:4)
  3 ironbound thunderhulks
  4 deep elf demonologists (Elf:3)
  8 dire elephants
  7 purple draconians
  8 deep elf death magi
  4 white draconians
  Azrael (D:15)
  7 spark wasps
  7 deep elf annihilators
  3 bunyips
  6 red draconians
  The ghost of Leboarus the Severer, a journeyman GrFi of Xom (Spider:1)
  A war gargoyle (Vaults:4)
  A minotaur (Gauntlet)
  7 eidola
  3 mummy priests (Crypt:3)
  3 crystal guardians
  14 ettins
  11 fire dragons
  3 shambling mangroves
  3 deep elf high priests
  5 entropy weavers
  2 green deaths
  2 ice dragons (Depths:2)
  8 yaktaur captains
  16 jiangshi
  A spriggan zombie (Abyss:1)
  10 great orbs of eyes
  19 hydras
  37 vault guards
  5 spriggan air magi (Depths:2)
  2 anacondas (Zot:1)
  6 rakshasas
  A jorogumo (Spider:4)
  4 peacekeepers
  2 ghost crabs
  11 alligators
  5 ironbound frosthearts
  3 catoblepae (Lair:5)
  5 radroaches
  31 dancing weapons
  A bennu zombie (Crypt:1)
  6 deep troll shamans
  A torpor snail (shapeshifter) (Vaults:5)
  3 two-headed ogres
  3 tengu warriors
  3 boulder beetles
  2 deep troll earth magi (Depths:1)
  7 death yaks (Lair:5)
  11 centaur warriors
  5 orc high priests
  5 spriggan berserkers
  7 hell hogs (Depths:4)
  7 vampire magi
  12 demonic crawlers
  9 sun demons
  9 deep elf knights
  The ghost of Faceam the Blocker, a journeyman VSFi of Trog (D:11)
  8 spriggans
  A salamander mystic (Depths:1)
  9 hell knights
  A skyshark (shapeshifter) (Depths:2)
  A skyshark (Lair:3)
  5 iron trolls
  A sixfirhy (Gauntlet)
  6 pharaoh ants
  2 shadow wraiths
  2 goliath frogs (Zot:5)
  9 swamp dragons
  66 deep trolls
  4 orb spiders
  7 bog bodies
  A quicksilver dragon simulacrum (Crypt:3)
  11 skeletal warriors
  3 arcanists
  3 spriggan druids
  5 glowing orange brains
  5 deep elf archers
  An orange crystal statue (Depths:1)
  3 obsidian statues (Zig:4)
  6 flayed ghosts
  A sun moth (Spider:4)
  A shock serpent (shapeshifter) (Vaults:5)
  7 phantasmal warriors
  4 steelbarb worms
  10 ironbound convokers
  5 starcursed masses (Abyss:3)
  22 deep elf pyromancers
  An anaconda skeleton (Crypt:3)
  13 orc knights
  A lightning spire (Zot:2)
  16 deep elf zephyrmancers
  A jorogumo zombie (Crypt:3)
  5 necromancers
  8 lindwurms
  An iron dragon zombie (Crypt:1)
  2 worldbinders (Abyss:3)
  3 will-o-the-wisps
  21 ugly things
  4 manticores
  6 shining eyes
  8 cyclopes
  3 salamanders (Depths:1)
  5 orc sorcerers
  16 wolf spiders
  3 kobold blastminers (Orc:2)
  5 large abominations
  An eye of devastation (shapeshifter) (Vaults:5)
  2 ice statues
  21 moths of wrath
  Joseph (D:10)
  4 black mambas
  3 meliai (Spider:4)
  3 torpor snails
  4 eyes of devastation
  A cane toad (shapeshifter) (Elf:3)
  A gargoyle (D:10)
  15 vault sentinels
  A rust devil (D:1)
  8 cane toads
  A kobold demonologist (D:10)
  2 rime drakes
  13 yaktaurs
  A komodo dragon (shapeshifter) (Depths:2)
  An efreet (D:15)
  A freezing wraith (Crypt:1)
  A hellion (D:6)
  A yaktaur (shapeshifter) (Vaults:5)
  An anaconda simulacrum (Crypt:3)
  8 komodo dragons
  A golden dragon simulacrum (Crypt:1)
  2 tormentors
  25 guardian mummies (Crypt:3)
  A tengu conjurer (D:15)
  3 ice devils
  10 trolls
  A polar bear (shapeshifter) (Elf:1)
  2 polar bears (Lair:4)
  A bloated husk (Swamp:2)
  A yaktaur skeleton (Vaults:3)
  2 red devils
  26 tarantellas
  A death drake zombie (Crypt:3)
  A merfolk (shapeshifter) (Elf:3)
  8 hornets
  5 tyrant leeches
  A wind drake (shapeshifter) (D:14)
  2 death drake skeletons
  15 blink frogs
  2 harpy skeletons
  A snapping turtle (shapeshifter) (Depths:2)
  A tarantella (shapeshifter) (Vaults:5)
  A boulder beetle zombie (Crypt:3)
  5 dream sheep (Lair:5)
  6 glass eyes
  19 culicivoras
  13 jumping spiders
  A shapeshifter (Elf:3)
  61 slime creatures
  3 centaur simulacra
  4 wraiths
  A ynoxinul (Depths:4)
  5 water elementals
  27 small abominations
  74 yaks
  A black mamba zombie (Crypt:1)
  3 fire elementals
  A shadow (D:12)
  2 basilisks
  3 wyverns
  5 ushabtiu (Crypt:3)
  2 fire bats (Lair:4)
  An elf (Vaults:3)
  8 golden eyes
  10 vampire mosquitoes
  2 wargs
  27 redbacks
  2 death yak simulacra
  A fire bat zombie (Crypt:2)
  2 harpy simulacra (IceCv)
  2 chaos spawn
  A glowing shapeshifter zombie (Crypt:2)
  13 swamp worms
  4 hydra simulacra
  2 hell hounds
  13 water moccasins
  A meliai simulacrum (D:14)
  6 ice beasts
  46 orc warriors
  An ice beast (shapeshifter) (D:14)
  A black bear (Lair:2)
  17 laughing skulls
  6 swamp drakes
  11 ogres
  3 boggarts (Vaults:3)
  16 centaurs
  7 wolves
  2 lemures (D:6)
  5 weeping skulls (Abyss:3)
  3 kobold brigands
  An elf zombie (Crypt:1)
  A draconian zombie (Crypt:1)
  A komodo dragon zombie (Crypt:3)
  5 scorpions
  7 bullfrogs
  3 cane toad simulacra (IceCv)
  4 earth elementals
  A two-headed ogre simulacrum (IceCv)
  3 gnoll sergeants
  A human skeleton (Vaults:3)
  A salamander skeleton (Crypt:2)
  4 hexers
  7 wights
  3 elephant simulacra
  A raiju skeleton (Crypt:3)
  An electric eel (Lair:4)
  3 howler monkeys
  A lava snake (Lair:4)
  A crimson imp (D:3)
  Crazy Yiuf (D:2)
  5 bombardier beetles
  2 hounds
  31 orc priests
  4 jellies
  Ijyb (D:3)
  3 sleepcaps
  A basilisk skeleton (Crypt:2)
  3 iguanas
  19 orc wizards
  3 polar bear simulacra (IceCv)
  3 troll simulacra (IceCv)
  9 spriggan simulacra
  4 wolf simulacra
  A tengu zombie (Crypt:2)
  2 hound zombies
  A boggart simulacrum (D:11)
  5 mummies (Crypt:3)
  11 adders
  7 gnolls
  9 naga simulacra (IceCv)
  A howler monkey skeleton (Crypt:3)
  3 shadow imps
  A ribbon worm zombie (Crypt:1)
  9 white imps
  6 ufetubi
  A dart slug (D:3)
  2 ribbon worms
  68 orcs
  8 bats
  A bat zombie (Crypt:1)
  5 endoplasms
  17 goblins
  11 hobgoblins
  9 jackals
  3 quokkas
  8 ball pythons
  A bombardier beetle zombie (Crypt:1)
  An endoplasm zombie (Crypt:2)
  2 frilled lizards (D:1)
  A goblin skeleton (D:3)
  A goblin zombie (D:3)
  12 kobolds
  5 kobold skeletons (D:3)
  A kobold zombie (D:3)
  7 rats
  A river rat zombie (Crypt:3)
  3 aspiring fleshes
  A starspawn tentacle (Abyss:3)
2090 creatures vanquished.

Vanquished Creatures (collateral kills)
  A pandemonium lord (D:1)
  Frederick (Crypt:3)
  2 dread liches
  An orb of fire (Zot:5)
  Khufu (Crypt:3)
  Boris (D:3)
  A royal mummy (Crypt:3)
  Margery (Crypt:3)
  6 golden dragons
  An electric golem (Zot:5)
  A Tzitzimitl (D:9)
  4 tentacled monstrosities
  An Ice Fiend (Lair:1)
  2 walking crystal tomes (Depths:2)
  A lich (Vaults:1)
  A walking earthen tome (Depths:2)
  11 Orb Guardians
  3 walking divine tomes
  3 titans (Vaults:5)
  An acid blob (Slime:5)
  A searing wretch (Crypt:3)
  An Executioner (Abyss:3)
  A quicksilver dragon (Zot:1)
  2 sphinxes
  A thorn hunter (Swamp:3)
  2 ancient champions
  4 tengu reavers
  An azure jelly (Slime:5)
  2 revenants
  A shadow dragon (Zot:5)
  A rockslime (Slime:5)
  2 storm dragons
  2 protean progenitors (Zot:1)
  A draconian knight (Depths:4)
  A draconian shifter (Zot:1)
  2 draconian monks
  2 deep elf elementalists (Elf:3)
  2 vault wardens (Vaults:5)
  A frost giant (Depths:3)
  The ghost of alcopop the Fighter, a journeyman DsAl of Cheibriados (Spider:1)
  4 deep elf sorcerers (Elf:3)
  A ghost moth (Zig:5)
  2 draconian scorchers
  A curse skull (Crypt:2)
  3 spriggan defenders
  A draconian stormcaller (Zot:4)
  An ophan (Zig:4)
  2 ironbound preservers
  A cacodemon (Abyss:3)
  3 very ugly things (Depths:4)
  2 ironbound thunderhulks
  A quicksilver ooze (Slime:2)
  A stone giant (Depths:2)
  A deep elf demonologist (Elf:3)
  2 deep elf death magi
  A war gargoyle (Vaults:2)
  A black draconian (Zot:1)
  A lorocyproca (Abyss:3)
  3 purple draconians
  A green draconian (Zig:3)
  2 red draconians
  3 spark wasps
  3 deep elf annihilators
  A dire elephant (Vaults:2)
  4 white draconians
  A blizzard demon (D:3)
  A mummy priest (Crypt:3)
  A crystal guardian (Vaults:4)
  An ettin (Vaults:1)
  2 eidola
  3 yaktaur captains (Vaults:5)
  A jiangshi (Crypt:1)
  A deep elf high priest (Vaults:5)
  A fire dragon (Depths:4)
  A hydra (D:15)
  An ogre mage (Vaults:5)
  3 vault guards (Vaults:5)
  2 great orbs of eyes
  2 rakshasas (WizLab)
  3 alligators
  A peacekeeper (Vaults:4)
  2 spriggan air magi (Depths:2)
  2 ice dragons (Depths:4)
  An anaconda (Zot:1)
  3 ironbound frosthearts
  A radroach (Spider:3)
  10 dancing weapons
  A centaur warrior (D:14)
  A two-headed ogre (D:10)
  A death yak (Lair:5)
  A deep troll shaman (Depths:2)
  2 thrashing horrors
  A deep elf knight (Elf:2)
  3 demonic crawlers
  A spriggan berserker (Depths:4)
  2 soul eaters
  An orc high priest (Depths:1)
  A hell knight (Depths:3)
  A goliath frog (Swamp:4)
  3 shadow wraiths
  7 deep trolls
  2 flayed ghosts
  2 skeletal warriors (Crypt:2)
  2 spriggan druids
  2 cherubim (Zig:4)
  A deep elf archer (Elf:3)
  A sun moth (Spider:4)
  2 arcanists
  4 bog bodies
  A steelbarb worm (Zig:5)
  2 swamp dragons
  Pikel (D:7)
  A glowing orange brain (Spider:1)
  A lindwurm (Orc:1)
  3 phantasmal warriors
  A large abomination (Spider:1)
  4 deep elf pyromancers
  A necromancer (Crypt:3)
  2 orc knights
  A shining eye (Slime:4)
  7 deep elf zephyrmancers
  5 ironbound convokers
  An orc sorcerer (Orc:2)
  3 wolf spiders
  A sphinx simulacrum (Vaults:3)
  A salamander (D:15)
  A will-o-the-wisp (Swamp:1)
  4 ugly things
  3 manticores
  4 moths of wrath
  A human zombie (Vaults:3)
  An ice statue (Zig:4)
  A kobold blastminer (Orc:2)
  A smoke demon (Abyss:3)
  A molten gargoyle (Depths:1)
  A vault sentinel (Vaults:5)
  2 cane toads
  2 freezing wraiths
  A komodo dragon (Lair:1)
  A yaktaur (Vaults:4)
  An ice devil (IceCv)
  A harpy zombie (Crypt:2)
  A polar bear (Lair:4)
  A troll (shapeshifter) (Elf:1)
  3 guardian mummies (Crypt:3)
  3 tarantellas
  6 hornets
  A tyrant leech (Swamp:2)
  4 blink frogs
  A harpy skeleton (Crypt:1)
  A glass eye (Elf:1)
  A dream sheep (Lair:5)
  2 jumping spiders
  A culicivora (Spider:4)
  12 slime creatures
  2 air elementals (Elf:2)
  10 yaks
  6 spriggans
  7 ushabtiu (Crypt:3)
  A fire elemental (Elf:2)
  4 water elementals
  A basilisk (Lair:1)
  A starcursed mass (Abyss:3)
  2 vampire mosquitoes
  4 redbacks
  A chaos spawn (D:15)
  3 swamp worms
  A hell hound (D:15)
  3 water moccasins
  7 orc warriors
  A laughing skull (Crypt:1)
  An ogre (Orc:2)
  A black bear (D:6)
  3 wolves (Lair:5)
  6 centaurs
  A lemure (D:7)
  2 weeping skulls (Abyss:3)
  2 bullfrogs (Lair:3)
  3 small abominations (Abyss:3)
  An earth elemental (Elf:1)
  A two-headed ogre simulacrum (IceCv)
  2 scorpions (D:5)
  A wight (D:5)
  2 howler monkeys
  2 hounds (D:5)
  3 orc priests
  9 orc wizards
  2 sleepcaps (D:5)
  2 spriggan simulacra
  A troll simulacrum (IceCv)
  A wolf simulacrum (Lair:3)
  A tengu zombie (Crypt:1)
  3 mummies (Crypt:3)
  4 gnolls
  An adder (D:5)
  2 naga simulacra
  A shadow imp (D:5)
  A white imp (IceCv)
  A howler monkey simulacrum (D:11)
  6 ufetubi
  25 orcs
  6 kobolds
457 creatures vanquished.

Vanquished Creatures (others)
  A deep elf elementalist (Elf:3)
  A very ugly thing (Depths:2)
  2 deep elf annihilators (Elf:3)
  A deep elf zephyrmancer (Elf:2)
  An ice devil (D:4)
  5 bloated husks
  A small abomination (D:4)
  A wraith (Crypt:1)
  A boggart (Vaults:3)
  77 hexers
  8 ancestors
  An ufetubus (IceCv)
  6 foxfires
  3 starspawn tentacles (Abyss:3)
109 creatures vanquished.

Grand Total: 2656 creatures vanquished

Notes
Turn   | Place    | Note
-------+----------+-------------------------------------------
     0 | D:1      | jagoly the Vampire Brigand began the quest for the Orb.
     0 | D:1      | Reached XP level 1. HP: 16/16 MP: 1/1
    67 | D:1      | Reached XP level 2. HP: 22/22 MP: 2/2
   429 | D:1      | Gained mutation: You are afflicted with vampirism and can
                  | become a bat while bloodless. [Vampire growth]
   429 | D:1      | Reached XP level 3. HP: 27/27 MP: 3/3
  1127 | D:2      | Reached XP level 4. HP: 33/33 MP: 4/4
  1286 | D:2      | Found a runed translucent door.
  1419 | D:2      | Found a faded altar of an unknown god.
  1622 | D:3      | Reached skill level 5 in Short Blades
  1705 | D:3      | Noticed Ijyb
  1860 | D:3      | Reached XP level 5. HP: 34/34 MP: 5/5
  1926 | D:3      | Found a basalt altar of Yredelemnul.
  1966 | D:3      | Found Lekeloet's Armour Shop.
  2099 | D:3      | Found a sacrificial altar of Ru.
  2340 | D:4      | Found a staircase to the Ecumenical Temple.
  2362 | Temple   | Entered the Ecumenical Temple
  2372 | Temple   | Became a worshipper of Hepliaklqana the Forgotten
  2716 | D:4      | Reached XP level 6. HP: 39/39 MP: 6/6
  3508 | D:4      | Identified the +7 dagger of the Feeding Gods {freeze, Will-
                  | Dex+4 Stlth+}
  3509 | D:4      | Reached * piety under Hepliaklqana
  3926 | D:5      | Entered Level 5 of the Dungeon
  3942 | D:5      | Reached XP level 7. HP: 34/35 MP: 7/7
  4868 | D:5      | Reached XP level 8. HP: 50/50 MP: 8/8
  4968 | D:5      | Reached skill level 10 in Short Blades
  5396 | D:2      | Noticed Crazy Yiuf
  5491 | D:2      | Killed Crazy Yiuf
  5578 | D:3      | Paralysed by Ijyb for 3 turns
  5593 | D:3      | Killed Ijyb
  5740 | D:4      | Reached skill level 1 in Armour
  5967 | D:6      | Found a broken altar of Ashenzari.
  6086 | D:5      | Reached skill level 1 in Evocations
  6505 | D:6      | Reached ** piety under Hepliaklqana
  6506 | D:6      | Remembered your ancestor Dio as a hexer
  6512 | D:6      | Reached XP level 9. HP: 58/58 MP: 9/9
  6867 | D:6      | Reached skill level 5 in Dodging
  7399 | D:7      | Noticed Pikel
  7489 | D:7      | Reached skill level 5 in Fighting
  7617 | D:7      | Reached *** piety under Hepliaklqana
  7629 | D:7      | Found a snail-covered altar of Cheibriados.
  7723 | D:7      | Found Lybbost's Serpentskin Sales.
  8206 | D:7      | Killed Pikel
  8207 | D:7      | Reached skill level 10 in Stealth
  8815 | D:8      | Found Xuileah's Armour Shop.
  8991 | D:8      | Noticed a two-headed ogre
  9069 | D:8      | Killed a two-headed ogre
  9070 | D:8      | Reached XP level 10. HP: 68/68 MP: 10/10
  9361 | D:9      | Found Seuc's Magic Scroll Shop.
  9579 | D:9      | Found Ybliamer's Book Emporium.
  9760 | D:9      | Found Fosykk's Antique Weapon Emporium.
  9930 | D:9      | Reached **** piety under Hepliaklqana
 10187 | D:9      | Found a staircase to the Lair.
 10306 | D:10     | Entered Level 10 of the Dungeon
 10623 | D:10     | Noticed a gargoyle
 10626 | D:10     | Noticed an orc knight
 10627 | D:10     | Killed a gargoyle
 10628 | D:10     | Noticed a cyclops
 10643 | D:10     | Killed an orc knight
 10644 | D:10     | Noticed a deep elf pyromancer
 10651 | D:10     | Killed a deep elf pyromancer
 10662 | D:10     | Killed a cyclops
 10851 | D:10     | Noticed a two-headed ogre
 10911 | D:10     | Reached skill level 5 in Evocations
 10964 | D:10     | Reached XP level 11. HP: 77/77 MP: 11/11
 11127 | D:10     | Noticed a centaur warrior
 11308 | D:11     | Learned a level 4 spell: Olgreb's Toxic Radiance
 11522 | D:10     | Noticed Joseph
 11526 | D:10     | Killed Joseph
 11737 | D:11     | Noticed Faceam's ghost (journeyman VSFi)
 11749 | D:11     | Reached ***** piety under Hepliaklqana
 11768 | D:11     | Found a runed translucent gate.
 11769 | D:11     | Found a runed translucent gate.
 11770 | D:11     | Found a runed translucent gate.
 12501 | D:11     | Killed Faceam's ghost
 12557 | D:11     | Got the ring "Busho" {Fire rElec Dex+2 Slay+2}
 12559 | D:11     | Identified the +0 robe "Hoif" {rF+}
 12641 | Lair:1   | Entered Level 1 of the Lair of Beasts
 12656 | Lair:1   | Reached skill level 10 in Dodging
 13081 | Lair:1   | Reached skill level 10 in Fighting
 13093 | Lair:1   | Reached XP level 12. HP: 61/87 MP: 12/12
 13300 | Lair:1   | Identified the +6 halberd of Kairitur {flame, rF+ rC+}
 13765 | Lair:2   | You fall into a shaft and drop 1 floor!
 13782 | Lair:3   | Found a hole to the Spider Nest.
 13928 | Lair:3   | Identified the +6 rapier of the Dozen Curses {drain, rF+
                  | rC+++ Int+4 Dex-2}
 13940 | Lair:3   | Found a frozen archway.
 13982 | IceCv    | Entered an ice cave
 14572 | IceCv    | Found the +5 robe of Night {Dark Will+ SInv}
 14612 | IceCv    | Got the Compilation of the Crevasse
 15501 | Lair:2   | Reached ****** piety under Hepliaklqana
 15889 | Lair:3   | Noticed an alligator
 15939 | Lair:3   | Killed an alligator
 16450 | Lair:3   | Found a staircase to the Swamp.
 16485 | Lair:4   | Reached XP level 13. HP: 87/92 MP: 13/13
 17455 | Lair:4   | Found a runed translucent gate.
 17455 | Lair:4   | Found a runed translucent gate.
 17455 | Lair:4   | Found a runed translucent gate.
 17456 | Lair:4   | Noticed an azure jelly
 17456 | Lair:4   | Noticed an acid blob
 17456 | Lair:4   | Noticed an acid blob
 17460 | Lair:4   | Noticed a quicksilver ooze
 17460 | Lair:4   | Noticed Disoufrejy's ghost (journeyman MiFi)
 17461 | Lair:4   | Noticed an azure jelly
 17461 | Lair:4   | Noticed an azure jelly
 17715 | Lair:5   | Entered Level 5 of the Lair of Beasts
 18215 | Lair:5   | Found a staircase to the Slime Pits.
 18523 | Lair:5   | Reached XP level 14. HP: 61/103 MP: 14/14
 19154 | Lair:5   | Got Sif Muna's Guidebook on Chilblains and the Tempest
 19157 | Lair:5   | Identified the +5 scale mail of the Pure Persimmons {rN+
                  | Int+3}
 19186 | Lair:5   | Identified the +6 falchion "Acarineslayer" {freeze, rPois
                  | rF+ Will-}
 19274 | Lair:5   | Upgraded the game from 0.32-a0-290-g598725c to
                  | 0.32-a0-296-gbfd232f
 19407 | D:9      | Bought a scroll of enchant armour for 82 gold pieces
 19475 | D:10     | Reached skill level 1 in Invocations
 19589 | D:12     | Reached skill level 2 in Invocations
 19637 | D:12     | Found a staircase to the Orcish Mines.
 19897 | D:12     | Noticed Rupert
 19899 | D:12     | Killed Rupert
 19900 | D:12     | Reached skill level 3 in Invocations
 20252 | D:12     | Reached skill level 4 in Invocations
 20252 | D:12     | Reached skill level 10 in Evocations
 20252 | D:12     | Reached skill level 1 in Alchemy
 21669 | Orc:1    | Entered Level 1 of the Orcish Mines
 21677 | Orc:1    | Reached skill level 5 in Alchemy
 21969 | Orc:1    | Found a dark tunnel.
 22021 | Volcano  | Entered a volcano
 22418 | Orc:1    | Found Igaoci's Book Boutique.
 22533 | Orc:2    | Entered Level 2 of the Orcish Mines
 22755 | Orc:2    | Found a roughly hewn altar of Beogh.
 23061 | Orc:2    | Found Hiceraos's Armour Emporium.
 23061 | Orc:2    | Noticed an orc warlord
 23088 | Orc:2    | Killed an orc warlord
 23123 | Orc:2    | Found Inyw's Assorted Antiques.
 23192 | Orc:2    | Bought a scroll labelled IHIG CAADUTAU for 20 gold pieces
 23192 | Orc:2    | Bought a white potion for 18 gold pieces
 23192 | Orc:2    | Bought a jewelled bone wand for 80 gold pieces
 23432 | Orc:2    | Reached XP level 15. HP: 108/108 MP: 18/18
 23544 | Orc:2    | Found a roughly hewn altar of Beogh.
 23568 | Orc:2    | Reached skill level 10 in Alchemy
 23648 | Orc:2    | Found Campy's Assorted Antiques.
 23664 | Orc:2    | Reached skill level 1 in Fire Magic
 23797 | Orc:2    | Found Agaapso's Book Boutique.
 24138 | Orc:2    | Found a staircase to the Elven Halls.
 24620 | Orc:2    | Bought an ichor-stained scale mail for 234 gold pieces
 24620 | Orc:2    | Identified the +6 scale mail of Indemnity {^Drain +Inv rN+
                  | Will+ Str+4} (You bought it in a shop on level 2 of the
                  | Orcish Mines)
 25374 | D:14     | Reached skill level 5 in Armour
 25837 | D:14     | Found a gate to the Vaults.
 25925 | D:15     | Entered Level 15 of the Dungeon
 25990 | D:15     | Noticed Azrael
 26295 | D:15     | Killed Azrael
 26312 | D:15     | Found a gate leading to a gauntlet.
 26327 | Gauntlet | Entered a Gauntlet
 26327 | Gauntlet | Found a transporter.
 26327 | Gauntlet | Found a transporter.
 26336 | Gauntlet | Found a transporter.
 26339 | Gauntlet | Found a transporter.
 26351 | Gauntlet | Found a transporter.
 26355 | Gauntlet | Found a transporter.
 26367 | Gauntlet | Found a transporter.
 26383 | Gauntlet | Found a transporter.
 26388 | Gauntlet | Found a transporter.
 26407 | Gauntlet | Found a transporter.
 26409 | Gauntlet | Found a runed translucent door.
 26413 | Gauntlet | Found a runed translucent door.
 26419 | Gauntlet | Found a transporter.
 26423 | Gauntlet | Found a transporter.
 26498 | Gauntlet | Identified the ring "Bagargh" {rElec Int+6}
 26599 | Gauntlet | Found the +4 robe of Folly {Brill Will-∞ Int+8}
 26866 | D:15     | Found a staircase to the Depths.
 27463 | D:7      | Bought Sienud's Quarto of Alteration for 330 gold pieces
 27468 | D:7      | Learned a level 4 spell: Ignite Poison
 27507 | D:9      | Bought 3 scrolls of poison for 132 gold pieces
 27603 | D:3      | Bought the +0 helmet of Luitac {Slay+3} for 289 gold pieces
 27770 | Spider:1 | Entered Level 1 of the Spider Nest
 27770 | Spider:1 | Noticed Asterion
 28296 | Spider:1 | Noticed an Executioner
 28309 | Lair:3   | Killed Asterion
 28310 | Lair:3   | Reached XP level 16. HP: 68/114 MP: 17/19
 28454 | Spider:1 | Gained mutation: You are frail. (-10% HP) [mutagenic glow]
 29117 | Spider:1 | Found a runed translucent gate.
 29117 | Spider:1 | Found a runed translucent gate.
 29118 | Spider:1 | Found a runed translucent gate.
 29120 | Spider:1 | Noticed alcopop's ghost (journeyman DsAl)
 29120 | Spider:1 | Noticed Leboarus's ghost (journeyman GrFi)
 29344 | Spider:2 | Reached skill level 5 in Fire Magic
 30290 | Spider:2 | Identified the +2 pair of gloves "Eboxeisown" {*Corrode
                  | rElec Will+}
 31197 | Spider:4 | Entered Level 4 of the Spider Nest
 31477 | Spider:4 | Noticed Roxanne
 32156 | Spider:4 | Noticed Arachne
 32201 | Spider:4 | Reached XP level 17. HP: 89/106 MP: 1/20
 32371 | Spider:4 | Killed Arachne
 33065 | Spider:4 | Got a gossamer rune of Zot
 33068 | Spider:4 | Identified the +0 hat of Death Resistance {Str+5 Int-5}
 33153 | Spider:4 | Reached skill level 10 in Armour
 33593 | Swamp:1  | Entered Level 1 of the Swamp
 34579 | Swamp:2  | Noticed a tentacled monstrosity
 34769 | Swamp:2  | Killed a tentacled monstrosity
 34922 | Swamp:2  | Found an ornate altar of the Wu Jian Council.
 35775 | Swamp:3  | Reached skill level 1 in Shields
 35991 | Swamp:4  | Entered Level 4 of the Swamp
 36644 | Swamp:4  | Reached skill level 5 in Shields
 36657 | Swamp:4  | Reached XP level 18. HP: 109/114 MP: 21/21
 36789 | Swamp:4  | Got a decaying rune of Zot
 37022 | Swamp:4  | Learned a level 5 spell: Yara's Violent Unravelling
 37298 | Elf:1    | Entered Level 1 of the Elven Halls
 37335 | Elf:1    | Reached skill level 1 in Hexes
 37611 | Elf:1    | Reached skill level 5 in Hexes
 37648 | Elf:1    | HP: 4/108 [+3 glaive of protection (6)]
 38699 | Elf:2    | Paralysed by an air elemental for 1 turns
 38703 | Elf:2    | Paralysed by an air elemental for 1 turns
 38749 | Elf:2    | Paralysed by an air elemental for 1 turns
 38755 | Elf:2    | Reached skill level 10 in Hexes
 38858 | Elf:2    | Found a radiant altar of Vehumet.
 38982 | Elf:2    | Reached skill level 5 in Invocations
 38986 | Elf:2    | Found a flickering gateway to a bazaar.
 39028 | Bazaar   | Entered a bazaar
 39076 | Bazaar   | Found Dielie's Magic Scroll Emporium.
 39076 | Bazaar   | Found Loje Urripru's Magic Scroll Shoppe.
 39097 | Bazaar   | Found Utzo Sogiam's Magic Scroll Emporium.
 39112 | Bazaar   | Found Ynacees's Magic Scroll Emporium.
 39196 | Bazaar   | Bought a scroll of blinking for 120 gold pieces
 39196 | Bazaar   | Bought 3 scrolls of blinking for 360 gold pieces
 39210 | Bazaar   | Bought a scroll of blinking for 82 gold pieces
 39210 | Bazaar   | Bought a scroll of blinking for 82 gold pieces
 39224 | Bazaar   | Bought a scroll of blinking for 97 gold pieces
 39238 | Bazaar   | Bought a scroll of identify for 22 gold pieces
 39238 | Bazaar   | Bought a scroll of identify for 22 gold pieces
 39240 | Bazaar   | Bought a scroll of identify for 22 gold pieces
 39241 | Bazaar   | Bought 2 scrolls of identify for 44 gold pieces
 39285 | Bazaar   | Bought a scroll of fear for 52 gold pieces
 39285 | Bazaar   | Bought a scroll of fear for 52 gold pieces
 39285 | Bazaar   | Bought a scroll of vulnerability for 52 gold pieces
 39364 | Elf:2    | Identified the blade talisman "Jegotos" {+Blink rPois rN+
                  | Int+2}
 39408 | Elf:2    | Found a runed translucent gate.
 39408 | Elf:2    | Found a runed translucent gate.
 39408 | Elf:2    | Found a runed translucent gate.
 39948 | Elf:2    | Reached skill level 6 in Invocations
 40257 | Elf:2    | Reached skill level 7 in Invocations
 40540 | Elf:3    | Entered Level 3 of the Elven Halls
 40635 | Elf:3    | Reached skill level 8 in Invocations
 40642 | Elf:3    | Got Sif Muna's Almanac of The Trick To Life
 42045 | Elf:3    | Reached XP level 19. HP: 107/120 MP: 22/25
 42089 | Elf:3    | Noticed a Brimstone Fiend
 42600 | Elf:3    | Identified the +4 dagger of Currency {drain, rF+ rCorr}
 42961 | Elf:3    | Identified the ring "Plog" {rC++ rN+ AC+4 Str+3}
 42971 | Elf:3    | Reached skill level 5 in Throwing
 43094 | Elf:3    | Identified the +4 quarterstaff of Mala {speed, rElec}
 43346 | Elf:3    | Got the Tome of the Mutual Gargoyle
 43394 | Elf:3    | Identified the +2 falchion of Loeb {antimagic, Str+7}
 43717 | Vaults:1 | Entered Level 1 of the Vaults
 43751 | Vaults:1 | Reached skill level 1 in Spellcasting
 44578 | Vaults:1 | You fall into a shaft and drop 1 floor!
 45505 | Vaults:1 | Found Pogenot's Distillery.
 45578 | Vaults:1 | Reached skill level 15 in Stealth
 46122 | Vaults:2 | Reached skill level 15 in Dodging
 46122 | Vaults:2 | Reached XP level 20. HP: 109/126 MP: 16/26
 46443 | Vaults:2 | Found a staircase to the Crypt.
 46443 | Vaults:2 | Found a basalt altar of Yredelemnul.
 46444 | Vaults:2 | Found an ancient bone altar of Kikubaaqudgha.
 46518 | Vaults:2 | Found Fodghiun's Weapon Shoppe.
 46576 | Vaults:2 | Reached skill level 15 in Fighting
 46784 | Vaults:3 | Found a magical portal.
 46797 | WizLab   | Entered Tukima's Studio
 47029 | WizLab   | Identified the +5 longbow "Ugiomnir" {speed, rPois rN+
                  | Int-2 Dex+2}
 47156 | WizLab   | Noticed jagoly's illusion
 47158 | WizLab   | Noticed jagoly's illusion
 47160 | WizLab   | Noticed jagoly's illusion
 48409 | Vaults:3 | Identified the +10 long sword "Eviscerator" {holy, MP+9}
 49032 | Vaults:4 | Learned a level 6 spell: Eringya's Noxious Bog
 49266 | Vaults:4 | Reached skill level 15 in Alchemy
 49801 | Vaults:4 | Identified the +9 plate armour of the Lost Path {Harm rF-
                  | rC+}
 49842 | Vaults:4 | Found the +10 morningstar "Eos" {elec, Halo rElec}
 49915 | Vaults:4 | Reached XP level 21. HP: 126/136 MP: 27/27
 50096 | Vaults:4 | Identified the +1 plate armour of Hedging {Int+5}
 50522 | Vaults:4 | Identified the ring of Renack {Fire Str+6}
 50978 | Lair:4   | Found a viscous altar of Jiyva.
 51146 | Lair:4   | Killed Disoufrejy's ghost
 51274 | Slime:1  | Entered Level 1 of the Pits of Slime
 51277 | Slime:1  | Gained mutation: Your spells are a little easier to cast,
                  | but a little less powerful. [a shining eye]
 51461 | Slime:4  | Gained mutation: You have hidden genetic defects. [a
                  | shining eye]
 51463 | Slime:4  | Gained mutation: You occasionally lose the ability to drink
                  | potions when taking damage. [a shining eye]
 51581 | Slime:5  | Entered Level 5 of the Pits of Slime
 51697 | Slime:5  | Noticed the Royal Jelly
 51728 | Slime:5  | Killed the Royal Jelly
 51729 | Slime:5  | Reached skill level 10 in Throwing
 51914 | Slime:5  | Gained mutation: You occasionally shout uncontrollably at
                  | your foes. [hidden defects]
 51990 | Slime:5  | Found the +8 orange crystal plate armour {Archmagi, Int+3
                  | Clar}
 51999 | Slime:5  | Identified the +5 chain mail of Tuvir {rElec Regen+ Str+3}
 52005 | Slime:5  | Identified the +6 chain mail of Honour {Int+2 Dex+3}
 52060 | Slime:5  | Identified the ring "Waerchil" {Fly Str+2 Int+3}
 52069 | Slime:5  | Got a slimy rune of Zot
 52075 | Slime:5  | Identified the +4 rapier of Arrival {drain, rPois Str+2}
 52120 | Slime:5  | Got the Book of the Star-crossed Mantle
 52132 | Slime:5  | Identified the +7 sling of Juremuq {flame, Will++ rCorr}
 52136 | Slime:5  | Identified the +3 shortbow of Econuh {freeze, ^Fragile
                  | rElec Str+8 Int-3}
 52143 | Slime:5  | Learned a level 3 spell: Tukima's Dance
 52207 | Lair:5   | Lost mutation: You occasionally lose the ability to drink
                  | potions when taking damage. [potion of mutation]
 52207 | Lair:5   | Lost mutation: Your spells are a little easier to cast, but
                  | a little less powerful. [potion of mutation]
 52207 | Lair:5   | Gained mutation: You are partially covered in iridescent
                  | scales. (AC +2) [potion of mutation]
 52207 | Lair:5   | Gained mutation: You occasionally lose the ability to read
                  | scrolls when taking damage. [potion of mutation]
 52208 | Lair:5   | Lost mutation: You occasionally shout uncontrollably at
                  | your foes. [potion of mutation]
 52208 | Lair:5   | Lost mutation: You have hidden genetic defects. [potion of
                  | mutation]
 52208 | Lair:5   | Lost mutation: You are frail. (-10% HP) [potion of
                  | mutation]
 52208 | Lair:5   | Gained mutation: You have large cloven feet. [potion of
                  | mutation]
 52209 | Lair:5   | Lost mutation: You have large cloven feet. [potion of
                  | mutation]
 52209 | Lair:5   | Lost mutation: You are partially covered in iridescent
                  | scales. (AC +2) [potion of mutation]
 52209 | Lair:5   | Lost mutation: You occasionally lose the ability to read
                  | scrolls when taking damage. [potion of mutation]
 52209 | Lair:5   | Gained mutation: You are partially covered in large bone
                  | plates. (SH +4) [potion of mutation]
 52519 | Crypt:1  | Entered Level 1 of the Crypt
 52519 | Crypt:1  | Noticed Donald
 52527 | Crypt:1  | Killed Donald
 52799 | Orc:1    | Bought a book of Transmutation for 364 gold pieces
 52805 | Orc:1    | Learned a level 5 spell: Irradiate
 53044 | Crypt:1  | Reached skill level 1 in Conjurations
 53207 | Crypt:1  | Noticed Sojobo
 53229 | Crypt:1  | Killed Sojobo
 53235 | Crypt:1  | Identified the ring "Jumimai" {Ice Str+5 Dex+4 Stlth+}
 53235 | Crypt:1  | Noticed Josephina
 53252 | Crypt:1  | Killed Josephina
 53509 | Crypt:1  | Upgraded the game from 0.32-a0-296-gbfd232f to
                  | 0.32-a0-306-gfed3edf
 53765 | Crypt:1  | Noticed Vv
 53783 | Crypt:1  | Killed Vv
 54173 | Crypt:2  | Reached skill level 5 in Conjurations
 54464 | Crypt:2  | Reached XP level 22. HP: 155/159 MP: 28/28
 55149 | Crypt:2  | Found a huge runed translucent gate.
 55150 | Crypt:2  | Found a huge runed translucent gate.
 55151 | Crypt:2  | Found a huge runed translucent gate.
 55151 | Crypt:2  | Found a huge runed translucent gate.
 55151 | Crypt:2  | Found a huge runed translucent gate.
 55151 | Crypt:2  | Found a huge runed translucent gate.
 55152 | Crypt:2  | Found a huge runed translucent gate.
 55152 | Crypt:2  | Found a huge runed translucent gate.
 55152 | Crypt:2  | Found a huge runed translucent gate.
 55372 | Crypt:2  | Identified the +3 leather armour of Hygieb {Int+2}
 55375 | Crypt:2  | Identified the +9 scimitar of Usil Ass {flame, rElec rF+
                  | Str-4 Stlth+}
 55498 | Crypt:3  | Entered Level 3 of the Crypt
 55610 | Crypt:3  | Found a staircase to the Tomb.
 55697 | Crypt:3  | Noticed a royal mummy
 55698 | Crypt:3  | Noticed Khufu
 55818 | Crypt:3  | Killed a royal mummy
 55820 | Crypt:3  | Noticed Margery
 55821 | Crypt:3  | Killed Khufu
 55826 | Crypt:3  | Killed Margery
 56097 | Crypt:3  | Noticed a royal mummy
 56109 | Crypt:3  | Killed a royal mummy
 56331 | Crypt:3  | Noticed an ancient lich
 56501 | Crypt:3  | Killed an ancient lich
 56887 | Crypt:3  | Found a basalt altar of Yredelemnul.
 57077 | Crypt:3  | Identified the +2 robe "Diovuf" {^Contam rElec Int+5 Dex+2}
 57077 | Crypt:3  | Noticed Boris
 57094 | Crypt:3  | Killed Boris
 57095 | Crypt:3  | Reached skill level 10 in Shields
 57160 | Crypt:3  | Noticed a royal mummy
 57552 | Crypt:3  | Identified the orb of Experimentation {*channel, rPois
                  | Int+2 Earth}
 57552 | Crypt:3  | Noticed Frederick
 57563 | Crypt:3  | Killed Frederick
 58569 | Crypt:3  | Identified the +2 dagger "Lyuly" {pain, Dex+2}
 58585 | Crypt:3  | Got Woz Ylon's Tome of Anemomancy
 58613 | Crypt:3  | Killed a royal mummy
 59198 | Depths:1 | Entered Level 1 of the Depths
 59206 | Depths:1 | Found Didilua's Jewellery Emporium.
 59657 | Depths:1 | Noticed Saint Roka
 59929 | Depths:1 | Found Gudaomob's Antique Weapon Shoppe.
 59963 | Depths:1 | Found Cineih's Armour Shoppe.
 60089 | Depths:1 | Found a gateway to Hell.
 60235 | Depths:1 | Killed Saint Roka
 60748 | Depths:2 | Noticed a golden dragon
 60754 | Depths:2 | Killed a golden dragon
 60755 | Depths:2 | Reached XP level 23. HP: 148/165 MP: 29/29
 60899 | Depths:2 | Identified the ring of Joy {Fly rC+}
 61447 | Depths:2 | Reached skill level 5 in Spellcasting
 61681 | Depths:2 | Found a portal to a secret trove of treasure.
 61753 | Depths:2 | Identified the +7 shortbow "Laneges" {flame, Int+5 Dex+7}
 62222 | Depths:2 | Learned a level 4 spell: Cause Fear
 62260 | Depths:2 | Found a one-way gate leading to the halls of Pandemonium.
 62484 | Depths:2 | Found a shimmering blue altar of Sif Muna.
 62984 | Depths:2 | Noticed the Enchantress
 62999 | Depths:2 | Killed the Enchantress
 63270 | Depths:3 | Reached skill level 15 in Shields
 63296 | Depths:3 | Found a one-way gate to the infinite horrors of the Abyss.
 64179 | Depths:3 | Got the Directory of the Burnt Mesa
 64198 | Depths:3 | Noticed a caustic shrike
 64206 | Depths:3 | Killed a caustic shrike
 64210 | Depths:3 | Noticed a caustic shrike
 64225 | Depths:3 | Killed a caustic shrike
 64453 | Depths:3 | Identified the +9 hand axe of Blood-Lust {holy, rC+}
 64757 | Depths:4 | Entered Level 4 of the Depths
 64761 | Depths:4 | Noticed a juggernaut
 64777 | Depths:4 | Killed a juggernaut
 65245 | Depths:4 | Reached XP level 24. HP: 110/171 MP: 20/32
 65566 | Depths:4 | Found a one-way gateway to a ziggurat.
 65900 | Depths:4 | Found a gate to the Realm of Zot.
 66869 | D:9      | Bought 2 scrolls of enchant weapon for 165 gold pieces
 67217 | Depths:2 | You paid a toll of 8 potions of haste to enter a treasure
                  | trove
 67218 | Trove    | Entered a treasure trove
 67220 | Trove    | Found a bloodstained altar of Trog.
 67242 | Trove    | Found the +8 pair of quick blades "Gyre" and "Gimble"
                  | {protect}
 67246 | Trove    | Identified the +1 short sword "Iqau" {flame, Str+3}
 67247 | Trove    | Identified the +5 morningstar of the Blind Eye {drain,
                  | Str+4 Int+5 Stlth+}
 67264 | Trove    | Identified the +7 halberd "Radaohim" {flame, rF+ Str+3}
 67266 | Trove    | Identified the +4 hand axe of Dissent {flame, rF+ rC+ Dex+4
                  | Stlth+}
 67554 | Vaults:5 | Entered Level 5 of the Vaults
 67604 | Vaults:5 | Noticed Mara
 67619 | Vaults:5 | Noticed jagoly's illusion
 67626 | Vaults:5 | Killed Mara
 67716 | Vaults:5 | Noticed a dread lich
 67743 | Vaults:5 | Killed a dread lich
 68155 | Vaults:5 | Got a silver rune of Zot
 68379 | Vaults:5 | Identified a scroll of acquirement
 68703 | Vaults:5 | Found Amausim's Antique Armour Shop.
 68710 | Vaults:5 | Found Ytusueqi's Distillery.
 68732 | Vaults:5 | Reached XP level 25. HP: 183/183 MP: 32/32
 68753 | Vaults:5 | Found Ututwat's Magic Scroll Emporium.
 68759 | Vaults:5 | Bought a scroll of blinking for 157 gold pieces
 68766 | Vaults:5 | Bought a jewelled robe for 171 gold pieces
 68766 | Vaults:5 | Identified the +2 robe of the Apprentice {rPois Int+6} (You
                  | bought it in a shop on level 5 of the Vaults)
 68770 | Vaults:5 | Bought 2 potions of haste for 400 gold pieces
 68770 | Vaults:5 | Bought a potion of heal wounds for 100 gold pieces
 68770 | Vaults:5 | Bought a potion of heal wounds for 100 gold pieces
 68770 | Vaults:5 | Bought a potion of mutation for 160 gold pieces
 68792 | Vaults:5 | Identified the +10 shortbow of Imbalance {heavy, ^Contam
                  | Will++ Str+3 Dex+4}
 68818 | Vaults:5 | Found Loitet's Book Boutique.
 68962 | Vaults:5 | Acquired the +1 cloak of the Frog {rCorr Slay+2}
 69044 | Vaults:5 | Bought a pair of glowing boots for 225 gold pieces
 69194 | Vaults:1 | Bought a potion of magic for 104 gold pieces
 69194 | Vaults:1 | Bought a potion of cancellation for 104 gold pieces
 69194 | Vaults:1 | Bought a potion of mutation for 104 gold pieces
 69194 | Vaults:1 | Bought a potion of ambrosia for 104 gold pieces
 69194 | Vaults:1 | Bought a potion of enlightenment for 65 gold pieces
 69429 | Depths:3 | Voluntarily entered the Abyss.
 69642 | Abyss:3  | Gained mutation: You sometimes lose your temper in combat.
                  | [a cacodemon]
 69652 | Abyss:3  | Reached skill level 9 in Invocations
 69678 | Abyss:3  | Got an abyssal rune of Zot
 69700 | Depths:3 | Escaped the Abyss
 69825 | Zig:1    | Entered Level 1 of a ziggurat
 69826 | Zig:1    | Noticed Zihod the pandemonium lord
 69849 | Zig:1    | Killed Zihod the pandemonium lord
 69941 | Zig:2    | Entered Level 2 of a ziggurat
 69952 | Zig:2    | Reached skill level 10 in Invocations
 69963 | Zig:3    | Entered Level 3 of a ziggurat
 69982 | Zig:3    | Identified the +1 chain mail of Zeboucos {Harm rC+ Will+}
 69983 | Zig:3    | Identified the +9 glaive "Impslayer" {freeze, rPois rC+
                  | rCorr}
 70019 | Zig:4    | Entered Level 4 of a ziggurat
 70057 | Zig:4    | Identified the +8 scale mail of the Griffon {rF+ Regen+}
 70115 | Zig:4    | Identified the +1 falchion "Wilasogh" {flame, rPois Dex+2}
 70119 | Zig:5    | Entered Level 5 of a ziggurat
 70146 | Zig:5    | Identified the +7 rapier "Vitoh" {venom, Int+2}
 70276 | Zig:6    | Entered Level 6 of a ziggurat
 70282 | Zig:6    | Noticed a dread lich
 70283 | Zig:6    | Noticed an ancient lich
 70298 | Zig:6    | Killed a dread lich
 70299 | Zig:6    | Reached skill level 11 in Invocations
 70304 | Zig:6    | Killed an ancient lich
 70314 | Zig:6    | Identified the +5 quarterstaff of Beogh's Brutal Revenge
                  | {speed, rF+ Str+6 Dex+3}
 70321 | Zig:6    | Identified the +9 dagger of Innocence {heavy, rPois Int+5}
 70323 | Zig:6    | Identified the +9 shortbow of Blood {antimagic, rPois rC++
                  | Dex-2}
 70418 | Zot:1    | Entered Level 1 of the Realm of Zot
 70580 | Zot:1    | Reached skill level 12 in Invocations
 70832 | Zot:1    | Reached skill level 13 in Invocations
 71173 | Zot:1    | Reached skill level 14 in Invocations
 71570 | Zot:2    | Found a hide-covered altar of Uskayaw.
 71710 | Zot:2    | Reached XP level 26. HP: 189/189 MP: 34/34
 71778 | Zot:2    | Reached skill level 15 in Invocations
 72654 | Zot:3    | Reached skill level 16 in Invocations
 73670 | Zot:4    | Reached skill level 17 in Invocations
 74247 | Zot:5    | Entered Level 5 of the Realm of Zot
 74248 | Zot:5    | Noticed an orb of fire
 74253 | Zot:5    | Learned a level 3 spell: Passwall
 74291 | Zot:5    | Killed an orb of fire
 74890 | Zot:5    | Reached skill level 18 in Invocations
 74976 | Zot:5    | Lost mutation: You are partially covered in large bone
                  | plates. (SH +4) [potion of mutation]
 74976 | Zot:5    | Lost mutation: You sometimes lose your temper in combat.
                  | [potion of mutation]
 74976 | Zot:5    | Gained mutation: You are agile. (Dex +4, Str/Int -1)
                  | [potion of mutation]
 74976 | Zot:5    | Gained mutation: You expend magic power (3 MP) to
                  | strengthen your wands. [potion of mutation]
 74976 | Zot:5    | Gained mutation: You are partially covered in iridescent
                  | scales. (AC +2) [potion of mutation]
 75016 | Zot:5    | Noticed a dread lich
 75025 | Zot:5    | Killed a dread lich
 75050 | Zot:5    | Noticed a dread lich
 75060 | Zot:5    | Killed a dread lich
 75068 | Zot:5    | Noticed an orb of fire
 75073 | Zot:5    | Gained mutation: You occasionally lose the ability to drink
                  | potions when taking damage. [an orb of fire]
 75079 | Zot:5    | Killed an orb of fire
 75264 | Zot:5    | Noticed an orb of fire
 75275 | Zot:5    | Killed an orb of fire
 75330 | Zot:5    | Noticed an orb of fire
 75362 | Zot:5    | Killed an orb of fire
 75404 | Zot:5    | Noticed a dread lich
 75412 | Zot:5    | Killed a dread lich
 75413 | Zot:5    | Reached skill level 19 in Invocations
 75430 | Zot:5    | Reached XP level 27. HP: 195/195 MP: 36/36
 75538 | Zot:5    | Got the Orb of Zot
 75548 | Zot:5    | Noticed an orb of fire
 76221 | D:1      | Noticed Zibos the pandemonium lord
 76239 | D:1      | Killed Zibos the pandemonium lord
 76282 | D:1      | Reached skill level 20 in Invocations
 76330 | D:3      | Identified the +4 robe of Failure {rElec Will- Dex+8
                  | Slay+3}
 76330 | D:3      | Noticed Boris
 76333 | D:3      | Killed Boris
 76352 | D:4      | Noticed Liakuom the pandemonium lord
 76536 | Spider:1 | Killed alcopop's ghost
 76538 | Spider:1 | Killed Leboarus's ghost
 76604 | Spider:1 | Noticed a seraph
 76879 | D:$      | Escaped with the Orb!

Illustrated notes

Levels and vault maps discovered:
D:1:      dpeg_arrival_court, layout_basic
D:2:      layout_rooms, chequers_ecumenical_altar_simple, minmay_octomino_e4,
          uniq_crazy_yiuf_cottage
D:3:      layout_basic, nicolae_ru_sacrificial_ziggurat,
          nicolae_tso_besieged_by_evil, mainiacjoe_overflow_catch_the_wave,
          serial_shops, shop, patterned_corridor, uniq_ijyb
D:4:      cheibrodos_greedy_goblins, layout_cave_pods,
          minmay_temple_entry_mini_moons, serial_demonic, serial_demonic_f,
          serial_demonic_a, serial_demonic_b, serial_demonic_e,
          nicolae_the_louvre
D:5:      minmay_opposing_rooms, layout_loops_ring
D:6:      layout_basic, nicolae_ashenzari_panopticon
D:7:      layout_loops_ring, mainiacjoe_overflow_alcove_2,
          hangedman_decor_slide_cut, guppyfry_shop_venom, uniq_pikel
D:8:      layout_loops_ring, serial_shops, nicolae_shop_crystal,
          kennysheep_cross_room
D:9:      layout_grid_maze, lair_entry_dummy, serial_shops,
          nicolae_shop_pleasant_corner_grove, nicolae_square_shop, shop
D:10:     minmay_chambers_of_sixes, layout_loops_corners,
          minmay_chambers_of_fives, uniq_joseph
D:11:     layout_irregular_city, gammafunk_ghost_icy
D:12:     layout_loops_corners, david_orc_1_choice, uniq_rupert
D:13:     layout_small_grid
D:14:     layout_basic, david_vaults_4, serial_ice, serial_ice_i, serial_ice_n,
          serial_ice_e, serial_ice_d, nicolae_lava_and_water
D:15:     hangedman_depths_entry_try_elsewhere_first, layout_long_grid,
          gauntlet_entry_generic, uniq_azrael
Temple:   eino_temple_rhombus
Lair:1:   layout_regular_city
Lair:2:   layout_regular_city, hibernation_bobbens
Lair:3:   layout_misc_corridors, mainiacjoe_swamp_entry_lozenge_pond,
          nicolae_spider_entry_lesser_pyramids,
          portal_ice_cave_entry_ice_simulacra, serial_bayou_shore_b
Lair:4:   layout_gridlike, gammafunk_ghost_ooze, cheibrodos_lair_lostbears
Lair:5:   evilmike_catoblepas_cave, layout_cave_pods, slime_entry_1,
          infiniplex_staircase_pool_2
Swamp:1:  layout_falls_marsh, nicolae_swamp_stuck_in_the_mud, swamp_pool_1_2,
          cheibrodos_swamp_witchery
Swamp:2:  cheibrodos_swamp_tower_of_moss, layout_falls_marsh,
          nicolae_swamp_godswood, swamp_pool_1_2
Swamp:3:  layout_basic_swamp, nicolae_swamp_oxbows, swamp_pool_3
Swamp:4:  swamp_alternative, layout_basic_swamp
Spider:1: layout_spider_delve, gammafunk_ghost_cemetery, uniq_asterion
Spider:2: layout_cave_pods, nicolae_crawler_farm
Spider:3: layout_spider_delve
Spider:4: grunt_spider_rune_parallel, uniq_roxanne, uniq_arachne
Slime:1:  layout_caves
Slime:2:  layout_caves
Slime:3:  layout_caves
Slime:4:  layout_caves
Slime:5:  slime_pit_nicolae_trefoil
Orc:1:    layout_caves, serial_shops, shop, nicolae_volcano_entry_vermiform
Orc:2:    pubby_orc_utopia
Elf:1:    cheibrodos_wizards_tower, layout_geoelf_octagon, serial_glass,
          glass_columns_a, glass_columns_a, hangedman_corner_corridor,
          onia_ninara_cookie
Elf:2:    elven_hall_of_blades_hangedman_original [nicolae_blade_tridents],
          layout_geoelf_grid, basic_altar, serial_shops, bzr_entry_dummy,
          drop_trap
Elf:3:    minmay_elf_hall_x, layout_loops_corners, grunt_ministairs_5,
          hellmonk_elf_help
Vaults:1: ontoclasm_vaults_spin, nicolae_vaults_big_angled_halls,
          nicolae_vaults_trapezoid_2, ontoclasm_vaults_ring_large,
          dpeg_vaults_monster_row, v_alt_pattern_3, nicolae_vaults_cochlea,
          nicolae_vaults_tangram_2, nicolae_vaults_enemy_cabinets,
          layout_vaults_omnigrid, serial_shops, shop
Vaults:2: nicolae_vaults_trapezoid_1, hangedman_vaults_pinch,
          hangedman_vaults_stitches, vaults_mumra_hex, vaults_dpeg_cross,
          minmay_crypt_entry_necro_gods, hangedman_vaults_restitches,
          nicolae_vaults_cornered_office, ontoclasm_vaults_ring_square,
          hangedman_vaults_stagger, vaults_dpeg_diagonal,
          nicolae_vaults_trapezoid_lopsided_3, layout_vaults_maze_bifur,
          serial_shops, shop
Vaults:3: infiniplex_enter_wizlab_water, nicolae_vaults_holding_cells,
          vaults_standard_mumra_x, nicolae_vaults_network_periphery,
          ontoclasm_vaults_shuriken, grunt_vaults_hallway_long,
          vaults_mumra_minichess, nicolae_vaults_yaktaur_gun_rack,
          layout_vaults_chaotic_city
Vaults:4: vaults_room_door_hall, v_misc_9, nicolae_vaults_wine_cellar,
          ontoclasm_vaults_fault, vaults_room_stairs_pillars,
          ontoclasm_vaults_loading_screen, vaults_room_semicircle,
          ontoclasm_vaults_hangar, nicolae_vaults_six-pack, v_misc_9,
          nicolae_vaults_off_center_swirl, nicolae_vaults_three_branches,
          nicolae_vaults_trapezoid_lopsided_1, layout_vaults_omnicross
Vaults:5: uniq_mara
Crypt:1:  layout_regular_city, nicolae_letterblocks [nicolae_letter_subblock,
          nicolae_letter_subblock, nicolae_letter_subblock,
          nicolae_letter_subblock, nicolae_letter_subblock,
          nicolae_letter_subblock, nicolae_letter_subblock,
          nicolae_letter_subblock, nicolae_letter_subblock,
          nicolae_letter_subblock, nicolae_letter_subblock,
          nicolae_letter_subblock, nicolae_letter_subblock,
          nicolae_letter_subblock, nicolae_letter_subblock,
          nicolae_letter_subblock, nicolae_letter_subblock,
          nicolae_letter_subblock, nicolae_letter_subblock,
          nicolae_letter_subblock, nicolae_letter_subblock,
          nicolae_letter_subblock, nicolae_letter_subblock,
          nicolae_letter_subblock, nicolae_letter_subblock],
          roderic_lattice_octagonal_star, uniq_josephina, uniq_sojobo,
          uniq_donald, uniq_vv
Crypt:2:  cheibrodos_crypt_3hun_7po, layout_misc_corridors,
          nicolae_crypt_smalloseum
Crypt:3:  due_elkab, layout_chaotic_city, serial_glass, glass_columns_a,
          glass_columns_a, lemuel_statue_altar, uniq_margery, uniq_frederick,
          uniq_boris, uniq_khufu
Depths:1: layout_basic, hell_entry, serial_shops, nicolae_shop_waterfront,
          nicolae_shop_mannequins, nicolae_shop_gibbet_a_chance, st_stairs_7,
          minivault_16, kennysheep_dice, uniq_saint_roka
Depths:2: minmay_the_grid_3x2 [minmay_the_grid_minigrid_medium,
          minmay_the_grid_holed_spiral, minmay_the_grid_doors,
          minmay_the_grid_small_cups, minmay_the_grid_all_tris,
          minmay_the_grid_prize_trominoes], layout_gridlike,
          minmay_misc_feat_five, hell_entry, serial_library,
          serial_library_hellmonk_long_bookcase,
          serial_library_hellmonk_statue_hall,
          serial_library_regret_index_small_wings,
          serial_library_hellmonk_open_cross, serial_library_regret_index_multi,
          serial_library_hellmonk_hallway_b,
          serial_library_regret_index_headful,
          serial_library_hellmonk_angled_corner,
          serial_library_hellmonk_small_alcove,
          serial_library_hellmonk_hallway_a, enter_trove_6, pan_entry,
          uniq_enchantress
Depths:3: minmay_box_of_curves, layout_basic, pf_coc_iceberg, abyss_entry,
          infiniplex_staircase_spiral_double
Depths:4: evilmike_zot_entry_hall, layout_gridlike, enter_ziggurat_d,
          hangedman_abyss_or_decor_stabs, grunt_hell_horde,
          serial_library_hellmonk_recessed_alcove
Zot:1:    nicolae_moth_party, layout_cellular_growth,
          regret_index_zotdec_under_construction
Zot:2:    layout_gridlike, regret_index_zot_stipple_split,
          amethyst_zot_foddershock
Zot:3:    layout_misc_corridors, regret_index_zotdec_banners
Zot:4:    layout_gridlike, regret_index_zotdec_iron_s
Zot:5:    layout_twisted_circle

Skill      XL: |  1  2  3  4  5  6  7  8  9 10 11 12 13 14 15 16 17 18 19 20 21 22 23 24 25 26 27 |
---------------+----------------------------------------------------------------------------------+-----
Stealth        | 6 8 10 12 14 15 16 18 | 18.3
Fighting       | 2 4 5 8 10 12 13 14 16 18 | 18.0
Short Blades   | 3 4 5 6 8 9 10 12 14 | 14.0
Dodging        | 2 3 6 8 10 12 13 14 15 16 18 | 18.0
Throwing       | 2 6 11 12 | 12.0
Armour         | 2 3 8 11 13 14 | 14.0
Evocations     | 2 4 5 6 8 10 12 | 12.0
Invocations    | 4 8 14 19 20 | 20.0
Alchemy        | 9 12 14 16 | 16.0
Fire Magic     | 2 6 |  6.0
Shields        | 5 6 12 16 | 16.0
Hexes          | 10 12 14 | 14.0
Spellcasting   | 4 6 |  6.0
Conjurations   | 5 6 8 |  8.0

Action                     |  1- 3 |  4- 6 |  7- 9 | 10-12 | 13-15 | 16-18 | 19-21 | 22-24 | 25-27 || total
---------------------------+-------+-------+-------+-------+-------+-------+-------+-------+-------++-------
  Melee: Dagger            |    92 |   285 |   295 |   441 |       |       |       |       |     6 ||  1119
         Bite              |     6 |    31 |    43 |   100 |   244 |   216 |   243 |   430 |   457 ||  1770
         Spear             |       |       |       |     2 |       |       |       |       |       ||     2
         Rapier            |       |       |       |   162 |  1430 |  1243 |  1137 |  1303 |       ||  5275
         Quick blade       |       |       |       |       |       |       |       |   529 |  1793 ||  2322
  Throw: Dart              |       |    12 |    15 |     3 |    11 |     7 |       |     1 |       ||    49
         Stone             |       |     1 |       |     1 |       |       |       |       |       ||     2
         Throwing net      |       |       |       |       |     3 |     1 |       |       |       ||     4
         Boomerang         |       |       |       |       |       |    49 |    77 |    82 |    60 ||   268
         Javelin           |       |       |       |       |       |       |       |     9 |     4 ||    13
   Cast: Olgreb's Toxic Ra |       |       |       |       |     5 |    34 |    23 |    13 |     8 ||    83
         Ignite Poison     |       |       |       |       |     1 |    14 |    33 |     7 |     4 ||    59
         Yara's Violent Un |       |       |       |       |       |     6 |    50 |    62 |    15 ||   133
         Eringya's Noxious |       |       |       |       |       |       |    15 |     4 |     2 ||    21
         Irradiate         |       |       |       |       |       |       |     2 |    20 |     8 ||    30
         Passwall          |       |       |       |       |       |       |       |       |     1 ||     1
 Invoke: Recall Ancestor   |       |     1 |     5 |     4 |     2 |     9 |     9 |     3 |    13 ||    46
         Ancestor Identity |       |     1 |       |       |       |       |       |       |       ||     1
         Ancestor Life: He |       |       |     1 |       |       |       |       |       |       ||     1
         Transference      |       |       |       |       |       |     1 |       |       |     8 ||     9
         Idealise          |       |       |       |       |       |     1 |     4 |     7 |    22 ||    34
Ability: Exsanguinate      |       |     2 |       |       |       |       |       |     1 |       ||     3
         Revivify          |       |     2 |       |       |       |       |       |     1 |       ||     3
         Evoke Invisibilit |       |       |       |       |       |     1 |     1 |       |       ||     2
  Evoke: Wand              |       |       |     2 |    11 |     6 |    46 |    13 |     6 |     3 ||    87
         Sack of spiders   |       |       |       |       |     1 |     1 |       |       |       ||     2
         Lightning rod     |       |       |       |       |     2 |     3 |       |       |       ||     5
         Condenser vane    |       |       |       |       |       |     1 |     1 |       |       ||     2
         Phantom mirror    |       |       |       |       |       |       |       |     1 |       ||     1
    Use: Scroll            |       |       |    11 |     8 |     3 |    20 |     7 |    23 |    14 ||    86
         Potion            |       |       |       |       |       |     6 |     8 |     2 |    31 ||    47
   Stab: Sleeping          |     7 |    14 |     7 |    23 |    36 |    22 |     9 |    10 |     7 ||   135
         Distracted        |       |       |     6 |    19 |    31 |    32 |    22 |    36 |    26 ||   172
         Confused          |       |       |     7 |    14 |    34 |    38 |    59 |    82 |    44 ||   278
         Paralysed         |       |       |       |     3 |    24 |    64 |    61 |    47 |    35 ||   234
         Petrified         |       |       |       |       |     1 |       |       |       |       ||     1
         Held in net/web   |       |       |       |       |     1 |     2 |       |       |       ||     3
         Invisible         |       |       |       |       |       |     2 |     5 |       |    15 ||    22
 Armour: Robe              |    41 |   114 |    26 |   143 |   286 |       |       |       |       ||   610
         Ring mail         |       |       |    90 |       |       |       |       |       |       ||    90
         Scale mail        |       |       |       |       |   259 |   749 |   508 |   397 |   330 ||  2243
  Dodge: Dodged            |    45 |   158 |   180 |   308 |   941 |   764 |   574 |   470 |   356 ||  3796
  Block: Buckler           |       |       |       |       |       |    90 |   229 |   137 |       ||   456
         Kite shield       |       |       |       |       |       |       |       |   807 |   736 ||  1543
         Reflection        |       |       |       |       |       |       |       |    19 |    11 ||    30

Table legend: (Time is in decaauts)
 A = Elapsed time spent in this place.
 B = Non-inter-level travel time spent in this place.
 C = Inter-level travel time spent in this place.
 D = Time resting spent in this place.
 E = Time spent auto-exploring this place.
 F = Levels seen in this place.
 G = Mean time per level.
                   A        B        C        D        E       F      G
               +--------+--------+--------+--------+--------+-----+--------+
         Total |  73778 |  65215 |   8563 |   7475 |  37564 |  71 | 1039.1 |
       Dungeon |  19116 |  15442 |   3674 |   1010 |   8379 |  15 | 1274.4 |
        Temple |     20 |      2 |     18 |      0 |      0 |   1 |   20.0 |
          Lair |   6837 |   6017 |    820 |    684 |   4095 |   5 | 1367.4 |
         Swamp |   3396 |   3124 |    272 |    682 |   1647 |   4 |  849.0 |
   Spider Nest |   5068 |   4829 |    239 |    652 |   2948 |   4 | 1267.0 |
    Slime Pits |    918 |    848 |     70 |    448 |      0 |   5 |  183.6 |
  Orcish Mines |   3020 |   2535 |    485 |    185 |   1462 |   2 | 1510.0 |
   Elven Halls |   5523 |   5221 |    302 |   1486 |   2012 |   3 | 1841.0 |
        Vaults |   8682 |   7181 |   1501 |    395 |   4849 |   5 | 1736.4 |
         Crypt |   5558 |   5374 |    184 |    594 |   3477 |   3 | 1852.7 |
        Depths |   7561 |   6807 |    754 |    273 |   5111 |   4 | 1890.2 |
           Zot |   5131 |   4891 |    240 |    411 |   3115 |   5 | 1026.2 |
         Abyss |    244 |    244 |      0 |      0 |      0 |   3 |   81.3 |
      Ziggurat |    506 |    506 |      0 |    279 |      0 |   6 |   84.3 |
        Bazaar |    285 |    285 |      0 |      0 |    110 |   1 |  285.0 |
         Trove |     59 |     59 |      0 |      0 |     18 |   1 |   59.0 |
      Ice Cave |    879 |    879 |      0 |    200 |    203 |   1 |  879.0 |
       Volcano |    232 |    232 |      0 |      0 |     82 |   1 |  232.0 |
        Wizlab |    451 |    451 |      0 |    168 |     54 |   1 |  451.0 |
      Gauntlet |    282 |    282 |      0 |      6 |      0 |   1 |  282.0 |
               +--------+--------+--------+--------+--------+-----+--------+

Top non-repeatable levels by time:
 Crypt:3: 3038 daAuts
   Elf:3: 2869 daAuts
Depths:2: 2459 daAuts
   Orc:2: 2238 daAuts
Vaults:1: 2186 daAuts
Vaults:3: 2148 daAuts
Spider:4: 2081 daAuts
     D:4: 1821 daAuts
     D:5: 1760 daAuts
Depths:4: 1743 daAuts
  Lair:3: 1732 daAuts
Depths:3: 1726 daAuts
    D:12: 1651 daAuts
Vaults:2: 1650 daAuts
    D:14: 1636 daAuts
